 Dungeon Crawl Stone Soup version 0.30-a0-223-gcb0039aa0c (webtiles) character file.

Game seed: 267111108607321337

471187 qw the Slayer (level 24, -15/174 HPs)
             Began as a Gargoyle Fighter on Oct 9, 2022.
             Was a High Priest of Okawaru.
             Demolished by a vault warden
             ... wielding a +2 war axe
              (17 damage)
             ... on level 5 of the Vaults.
             The game lasted 00:33:39 (68392 turns).

qw the Slayer (Gargoyle Fighter)                   Turns: 68392, Time: 00:33:39

Health: -15/174    AC: 62    Str: 30    XL:     24   Next: 67%
Magic:  0/30       EV:  8    Int: 11    God:    Okawaru [*****.]
Gold:   1570       SH: 25    Dex:  7    Spells: 23/23 levels left

rFire   + . .      SeeInvis +    y - +3 war axe (vamp)
rCold   + . .      Faith    .    m - +0 tower shield
rNeg    + + .      Spirit   .    N - +0 gold dragon scales
rPois   inf        Reflect  +    o - +2 helmet
rElec   +          Harm     .    v - +2 cloak of Anaesthesia {rN+ rCorr}
rCorr   +          Rampage  .    z - +2 pair of gloves {infuse}
Will    +....                    E - +2 pair of boots {Stlth+}
Stlth   ..........               j - amulet of reflection
HPRegen 0.49/turn                g - +4 ring of protection
MPRegen 0.22/turn                s - ring of see invisible

@: about to teleport, marked, flying
A: sickness immunity, AC +18, big wings, negative energy resistance 1,
electricity resistance, torment resistance 1, petrification resistance, clumsy
1, noise suppression
}: 2/15 runes: decaying, serpentine
a: Renounce Religion, Heroism, Finesse, Duel


You were on level 5 of the Vaults.
You worshipped Okawaru.
Okawaru was extremely pleased with you.
You visited 7 branches of the dungeon, and saw 39 of its levels.
You visited the Abyss 2 times.
You also visited: Sewer.

You collected 4812 gold pieces.
You spent 3242 gold pieces at shops.


Innate Abilities, Weirdness & Mutations

You are immune to sickness and miasma.
Your stone body is resilient. (AC +18)
You are immune to poison.
Your large and strong wings let you fly.
You resist negative energy. (rN+)
You are resistant to electric shocks. (rElec)
You are resistant to unholy torment.
You are immune to petrification.
You are clumsy. (Dex -2)
You passively dampen the noise of your surroundings.


   Skills:
 + Level 24.5 Fighting
 - Level 17.0 Axes
 - Level 13.1 Throwing
 - Level 22.0 Armour
 - Level 5.0 Dodging
 - Level 22.0 Shields
 - Level 10.0 Invocations


You had 23 spell levels left.
You didn't know any spells.
Your spell library was empty.

Inventory:

Hand Weapons
 y - a +3 vampiric war axe (weapon)
 O - a +2 broad axe of freezing
Missiles
 n - 8 boomerangs
 x - 17 javelins (quivered)
 A - a silver boomerang
 G - 3 boomerangs of dispersal
Armour
 k - the +0 pair of gloves of Recklessness {Harm Drain rPois Regen+}
   (Okawaru gifted it to you on level 4 of the Vaults)

   rPois:     It protects you from poison.
   Regen:     It increases your rate of health regeneration.
   Drain:     It drains your maximum health when unequipped.
   Harm:      It increases damage dealt and taken.
 m - a +0 tower shield (worn)
 o - a +2 helmet (worn)
 v - the +2 cloak of Anaesthesia (worn) {rN+ rCorr}
   (Okawaru gifted it to you on level 2 of the Vaults)

   rN:        It protects you from negative energy.
   rCorr:     It protects you from acid and corrosion.
 z - a +2 pair of gloves of infusion (worn)
 E - a +2 pair of boots of stealth (worn)
 I - a scarf of resistance
 N - +0 gold dragon scales (worn)
Jewellery
 b - a ring of protection from cold
 c - a ring of resist corrosion
 e - the ring "Ynwusug" {Ice Will+ Int-4 Dex+3 Stlth+}
   (You took it off Josephina on level 4 of the Depths)

   [ring of ice]

   It enhances your ice magic.
   Int:       It affects your intelligence (-4).
   Dex:       It affects your dexterity (+3).
   rF:        It makes you vulnerable to fire.
   rC:        It protects you from cold.
   Will:      It increases your willpower.
   Stlth:     It makes you more stealthy.
 g - a +4 ring of protection (left hand)
 j - an amulet of reflection (around neck)
 l - a ring of resist corrosion
 s - a ring of see invisible (right hand)
 C - the ring of Domosm {rPois rF+ rN+ Int+6 Dex-5}
   (You bought it in a shop on level 1 of the Orcish Mines)

   [ring of intelligence]

   Int:       It affects your intelligence (+6).
   Dex:       It affects your dexterity (-5).
   rF:        It protects you from fire.
   rPois:     It protects you from poison.
   rN:        It protects you from negative energy.
 D - a ring of protection from cold
 K - a ring of protection from fire
 M - a +4 ring of slaying {mikee}
Wands
 L - a wand of digging (11)
Scrolls
 a - 31 scrolls of identify
 F - 5 scrolls of teleportation
Potions
 d - 11 potions of might
 f - 12 potions of mutation
 h - 5 potions of haste
 i - 4 potions of magic
 p - 2 potions of cancellation
 q - 5 potions of resistance
 r - 5 potions of lignification
 u - 8 potions of attraction
 w - 6 potions of curing
 B - a potion of heal wounds

Dungeon Overview and Level Annotations

Branches:
Dungeon (15/15)            Temple (0/1) D:5            Lair (5/5) D:11
  Swamp (4/4) Lair:2        Snake (4/4) Lair:2        Slime (0/5) Lair:5
    Orc (2/2) D:12            Elf (0/3) Orc:2        Vaults (5/5) D:13
  Crypt (0/3) Vaults:3     Depths (4/4) D:15            Zot (0/5) Depths:4
  Sewer (visited)

Altars:
Ashenzari
Cheibriados
Dithmenos
Elyvilon
Fedhas
Kikubaaqudgha
Makhleb
Nemelex Xobeh
Okawaru
Sif Muna
Trog
Uskayaw
Vehumet
Wu Jian
Xom
Yredelemnul
Zin
Jiyva

Shops:
D:7 *   D:9 *:   D:10 *   Orc:1 =   Orc:2 (!=**   Snake:3 ?((=(   Vaults:1 ?
Depths:1 [   Depths:3 :

Portals:
Hell: Depths:1 Depths:2 Depths:3 Depths:4
Abyss: Depths:1 Depths:2 Depths:3
Pandemonium: Depths:2 Depths:3
Ziggurat: Depths:2

Annotations:
Swamp:2 1 runed translucent door, pleonasm's ghost, adept OgBe
Swamp:3 1 runed translucent door
Orc:1 1 runed translucent door
Depths:3 1 runed translucent door, qw's ghost, veteran GrFi


Message History

You slice the yaktaur captain!! You hit the titan. You barely miss the yaktaur.
You slash the titan! You slice the iron dragon!!
You feel better. You block the yaktaur's attack.
The vault warden activates a sealing rune.
The shadow dragon bites you but does no damage.
The shadow dragon claws you.
The shadow dragon claws you but does no damage.
You block the titan's attack. You block the vault guard's attack.
The deep troll bites you! You block the deep troll's attack.
The deep troll claws you but does no damage.
The titan hits you.
The yaktaur captain unwields a +0 arbalest.
The yaktaur captain hits you but does no damage.
You hit the shadow dragon.
The shadow dragon is almost dead.
You hit the vault warden but do no damage.
You hit the yaktaur captain. You hit the titan but do no damage.
You slash the yaktaur!
You feel better.
You hit the titan but do no damage.
You hit the iron dragon but do no damage.
You closely miss the deep troll. You block the iron dragon's attack.
The iron dragon claws you but does no damage.
You block the iron dragon's attack.
The deep troll bites you but does no damage.
The deep troll claws you but does no damage.
You block the deep troll's attack. The yaktaur hits you!
The vault warden hits you but does no damage.
The titan hits you!!! The titan hits you!!
You block the shadow dragon's attack.
The shadow dragon claws you but does no damage.
The shadow dragon barely misses you.
The vault guard hits you but does no damage.
68392 ||| READING 6 scrolls of teleportation.
As you read the scroll of teleportation, it crumbles to dust.
You feel strangely unstable.
The wolf spider changes into a faun!
You block the yaktaur captain's attack. You block the iron dragon's attack.
The iron dragon claws you.
The iron dragon tramples you but does no damage.
You block the yaktaur's attack.
The vault warden hits you with a +2 war axe!
You die...

# #....# .#. #.
#....#.#..#
##..#....#.....
....#....#...#
.............
###....p...#####
.....ccTD.......
.....eC@cc......
.....pDpCc......
.....pcTH.......
###...cc...#####
...........#
....#....##.#
....#....# #.#
... #....# #.#
.. #....# #.


You could see a shadow dragon, an iron dragon (strong), an ironbound preserver
(strong), 2 titans, a sphinx, a vault warden, a yaktaur captain, a vault guard,
a deep elf annihilator, 2 deep trolls, a faun shaped shifter, an ironbound
convoker and 6 yaktaurs.

Vanquished Creatures
  An ancient lich (Depths:3)
  Mennas (Vaults:3)
  Sojobo (Vaults:4)
  Josephina (Depths:4)
  Bai Suzhen (Depths:1)
  Saint Roka (Vaults:1)
  the Lernaean hydra (Swamp:4)
  3 golden dragons
  A Tzitzimitl (Depths:2)
  3 tentacled monstrosities
  2 liches
  A quicksilver dragon (Depths:4)
  2 titans
  2 Executioners
  3 tentacled starspawn
  5 sphinxes
  Kirke (Swamp:4)
  3 shadow dragons
  5 tengu reavers
  A storm dragon (Vaults:5)
  3 fenstrider witches (Swamp:3)
  An azure jelly (Lair:5)
  4 nagarajas (Snake:4)
  6 fire giants
  9 frost giants
  Aizul (Vaults:1)
  A draconian stormcaller (Depths:4)
  A juggernaut zombie (Depths:2)
  A spectral caustic shrike (Depths:2)
  12 vault wardens
  A draconian shifter (Depths:4)
  5 war gargoyles
  3 reapers (Depths:2)
  26 ironbound preservers
  A juggernaut skeleton (Depths:2)
  17 stone giants
  16 ironbound thunderhulks
  10 eleionomae
  A deep elf demonologist (Vaults:5)
  A yellow draconian (Depths:4)
  34 very ugly things
  5 bunyips
  A blizzard demon (Abyss:2)
  2 red draconians (Depths:4)
  4 spark wasps (Depths:1)
  A purple draconian (Depths:4)
  14 dire elephants
  A green death (Vaults:2)
  A merfolk javelineer (Depths:4)
  A spectral quicksilver dragon (Depths:2)
  4 deep elf death magi (Depths:2)
  A crystal guardian (Vaults:3)
  3 jiangshi (Depths:3)
  A merfolk impaler (Depths:1)
  10 fire dragons
  11 ettins
  2 entropy weavers (Vaults:4)
  8 great orbs of eyes
  A spriggan zombie (Depths:2)
  2 salamander tyrants (Snake:4)
  14 yaktaur captains
  13 hydras
  27 vault guards
  6 peacekeepers
  10 ice dragons
  A quicksilver dragon skeleton (Vaults:3)
  2 caustic shrike simulacra
  9 rakshasas
  3 spriggan air magi
  2 juggernaut simulacra (Depths:4)
  3 ghost crabs
  A hell beast (Depths:1)
  26 centaur warriors
  5 ironbound frosthearts
  10 anacondas
  A spectral frost giant (Depths:2)
  16 death yaks
  8 alligators
  3 boulder beetles
  An alligator snapping turtle (Snake:1)
  2 catoblepae
  2 death knights (Vaults:3)
  12 naga warriors
  5 two-headed ogres
  7 deep troll shamans
  2 orc high priests (Orc:1)
  7 vampire magi
  5 deep troll earth magi
  A hell hog (Depths:1)
  6 tengu warriors
  A titan zombie (Depths:2)
  4 spriggan berserkers (Depths:3)
  13 naga sharpshooters
  6 thrashing horrors
  A soul eater (Depths:1)
  A sun demon (Abyss:2)
  9 shock serpents
  7 hell knights
  5 skeletal warriors
  2 wretched stars (Abyss:2)
  10 iron trolls
  3 golden dragon zombies (Depths:2)
  A spatial maelstrom (Abyss:2)
  A storm dragon skeleton (Depths:2)
  3 goliath frogs
  A death drake (shapeshifter) (D:15)
  4 salamander mystics
  97 deep trolls
  A quicksilver dragon simulacrum (Depths:1)
  15 swamp dragons (Swamp:4)
  4 spriggan druids
  4 sea snakes (Snake:1)
  2 glowing orange brains
  3 spriggan simulacra (D:15)
  4 flayed ghosts
  8 naga ritualists
  A shadow dragon zombie (Depths:2)
  13 lindwurms
  3 necromancers
  A bog body (Swamp:2)
  2 golden dragon skeletons (Depths:2)
  An orc knight (Orc:2)
  7 wizards
  3 phantasmal warriors
  22 ironbound convokers
  7 mana vipers
  4 harpies (Vaults:3)
  15 salamanders
  54 ugly things
  A deep elf pyromancer (D:15)
  2 orc sorcerers
  5 will-o-the-wisps
  2 tengu skeletons (Depths:2)
  A shadow dragon skeleton (Depths:2)
  7 cyclopes
  3 iron dragon skeletons
  9 centaur zombies (D:11)
  7 elephants
  36 black mambas
  A manticore (D:11)
  Maurice (D:13)
  A titan simulacrum (Depths:4)
  4 guardian serpents
  A rust devil (Abyss:3)
  2 torpor snails
  15 naga magi
  15 cane toads
  21 vault sentinels
  A smoke demon (Abyss:3)
  29 yaktaurs
  Psyche (D:12)
  A yaktaur (shapeshifter) (D:15)
  An anaconda simulacrum (D:15)
  5 tengu conjurers
  2 freezing wraiths (D:14)
  9 komodo dragons
  3 spectral glowing shapeshifters (Depths:2)
  An efreet (D:15)
  2 tormentors (Depths:2)
  2 kobold demonologists (D:13)
  A demonic crawler (Abyss:3)
  3 ancient zymes
  A human skeleton (Vaults:3)
  An ice devil (Abyss:3)
  A golden dragon simulacrum (Depths:4)
  A troll (shapeshifter) (D:14)
  6 polar bears
  9 trolls
  7 tyrant leeches
  A bloated husk (Swamp:2)
  A polar bear (shapeshifter) (D:14)
  19 hornets
  A tengu simulacrum (Vaults:3)
  17 dream sheep
  15 blink frogs
  Grinder (Sewer)
  11 raiju (Abyss:3)
  32 slime creatures
  2 frost giant simulacra (Depths:2)
  7 large abominations
  A slime creature (shapeshifter) (Vaults:4)
  6 snapping turtles (Snake:1)
  4 flying skulls
  24 spriggans
  A culicivora (Vaults:4)
  2 vampires
  Eustachio (D:5)
  56 yaks
  2 hogs (Swamp:4)
  A fire bat (Abyss:3)
  8 wraiths
  7 wyverns
  2 shadows
  6 water elementals
  A chaos spawn (Abyss:2)
  5 basilisks
  2 minotaur simulacra (D:15)
  An unseen horror simulacrum (D:8)
  6 vampire mosquitoes
  2 redbacks (Vaults:4)
  3 steam dragons (D:8)
  A neqoxec (Abyss:3)
  A human (Swamp:4)
  A harpy simulacrum (D:15)
  17 swamp worms
  3 wargs (Orc:1)
  5 small abominations
  An acid dragon (D:12)
  Edmund (D:5)
  44 nagas
  12 water moccasins
  A glowing shapeshifter skeleton (Depths:2)
  4 hell hounds (Abyss:3)
  12 swamp drakes
  4 black bears
  38 orc warriors
  A sky beast (D:6)
  8 ice beasts
  6 ogres
  18 wolves
  4 boggarts (D:15)
  15 centaurs
  2 phantoms
  2 kobold brigands
  A glowing shapeshifter simulacrum (Vaults:3)
  5 necrophages
  An earth elemental (Abyss:3)
  12 bullfrogs
  3 scorpions
  2 human simulacra (Depths:2)
  12 wights
  11 killer bees
  A lindwurm simulacrum (D:15)
  3 electric eels (D:8)
  13 howler monkeys
  2 crimson imps
  2 lava snakes (D:14)
  4 hounds
  9 orc priests
  2 quasits (Sewer)
  17 jellies
  21 orc wizards
  8 iguanas
  2 centaur simulacra (D:8)
  A hound skeleton (D:5)
  A river rat (D:6)
  5 adders
  3 shadow imps
  4 white imps
  4 ufetubi
  2 worms
  2 dart slugs (D:2)
  85 orcs
  14 endoplasms
  3 giant cockroaches
  9 goblins
  5 hobgoblins
  2 jackals (D:2)
  26 kobolds
  6 quokkas
  8 ball pythons
  5 bats
  4 frilled lizards
  10 rats
  A butterfly (D:9)
  6 starspawn tentacles
1826 creatures vanquished.

Vanquished Creatures (others)
  A dread lich (Vaults:5)
  A centaur warrior (Vaults:1)
  An alligator (Swamp:4)
  A naga mage (Snake:4)
  7 bloated husks
  A hornet (Swamp:4)
  A spriggan (Swamp:4)
  A naga (Snake:2)
  An orc warrior (Orc:2)
  A swamp drake (Swamp:4)
  A centaur (Orc:2)
  An endoplasm (Sewer)
  2 kobold zombies (Sewer)
  30 foxfires
  34 fungi
  2 lurking horrors (Abyss:3)
  71 plants
  A starspawn tentacle (Abyss:2)
  10 toadstools (D:6)
  4 withered plants
172 creatures vanquished.

Grand Total: 1998 creatures vanquished

Notes
Turn   | Place    | Note
-------+----------+-------------------------------------------
     0 | D:1      | qw the Gargoyle Fighter began the quest for the Orb.
     0 | D:1      | Reached XP level 1. HP: 14/14 MP: 1/1
     0 | D:1      | 0 ||| qw: Version: 0.2-a-17-g06abaee
     0 | D:1      | 0 ||| qw: Game counter: 2119
     0 | D:1      | 0 ||| qw: Always use a shield: true
     0 | D:1      | 0 ||| qw: God list: Okawaru
     0 | D:1      | 0 ||| qw: Allow faded altars: false
     0 | D:1      | 0 ||| qw: Do Orc after D:15 true
     0 | D:1      | 0 ||| qw: Do second Lair branch before Depths: true
     0 | D:1      | 0 ||| qw: Lair rune preference: random
     0 | D:1      | 0 ||| qw: Plans: Normal, Zot:1-4, God:TSO, Crypt, Tomb,
                  | Pan, Slime:5, Hells, Abyss, Orb
     0 | D:1      | 0 ||| PLANNING D:1-11
    44 | D:1      | Found a faded altar of an unknown god.
    72 | D:1      | 72 ||| Stepping ~*~*~tactically~*~*~ (stealth).
   107 | D:1      | Reached XP level 2. HP: 19/19 MP: 2/2
   363 | D:1      | Reached skill level 3 in Axes
   511 | D:1      | Reached XP level 3. HP: 22/23 MP: 3/3
   756 | D:1      | 756 ||| UPGRADING to +4 ring of protection.
   757 | D:1      | 757 ||| READING scroll labelled RUTHINLAOM.
   758 | D:1      | 758 ||| READING scroll labelled ULEACL MIKOMEACW.
   859 | D:1      | 859 ||| DRINKING 2 green potions.
   859 | D:1      | Gained mutation: You are clumsy. (Dex -2) [potion of
                  | mutation]
   859 | D:1      | Gained mutation: You passively dampen the noise of your
                  | surroundings. [potion of mutation]
  1109 | D:2      | 1109 ||| Stepping ~*~*~tactically~*~*~ (hiding).
  1252 | D:2      | 1252 ||| DROPPING +0 club.
  1272 | D:2      | 1272 ||| Stepping ~*~*~tactically~*~*~ (stealth).
  1273 | D:2      | 1273 ||| Stepping ~*~*~tactically~*~*~ (stealth).
  1620 | D:2      | 1620 ||| UPGRADING to +0 plate armour.
  1630 | D:2      | 1630 ||| DROPPING +0 scale mail.
  1631 | D:2      | 1631 ||| UPGRADING to +0 pair of boots.
  1636 | D:2      | 1636 ||| READING 2 scrolls labelled YVEHOI JU ANO.
  1637 | D:2      | 1637 ||| READING scroll labelled REOHOCWECVO.
  1641 | D:2      | 1641 ||| DRINKING 3 clear potions.
  1657 | D:3      | 1657 ||| STAIRDANCE
  1694 | D:3      | Reached XP level 4. HP: 11/28 MP: 4/4
  1695 | D:3      | HP: 7/28 [something/magic dart (5)]
  1700 | D:3      | HP: 6/28 [something (2)]
  1723 | D:3      | 1723 ||| FLEEEEING.
  1724 | D:3      | 1724 ||| FLEEEEING.
  1726 | D:3      | 1726 ||| FLEEEEING.
  1727 | D:3      | 1727 ||| FLEEEEING.
  1728 | D:3      | 1728 ||| FLEEEEING.
  1729 | D:3      | 1729 ||| STAIRDANCE
  1793 | D:3      | 1793 ||| STAIRDANCE
  1920 | D:3      | Reached XP level 5. HP: 26/32 MP: 5/5
  2262 | D:3      | 2262 ||| UPGRADING to +0 tower shield.
  2272 | D:3      | 2272 ||| DROPPING +0 buckler.
  2273 | D:3      | 2273 ||| READING scroll labelled SAGHAR QAFOB.
  2274 | D:3      | 2274 ||| READING scroll labelled WUCVUE WAMOVO.
  2275 | D:3      | 2275 ||| READING 2 scrolls of identify.
  2275 | D:3      | 2275 ||| IDENTIFYING glowing pink potion
  2392 | D:4      | 2392 ||| Stepping ~*~*~tactically~*~*~ (stealth).
  2394 | D:4      | 2394 ||| Stepping ~*~*~tactically~*~*~ (hiding).
  2413 | D:4      | Reached XP level 6. HP: 27/37 MP: 6/6
  2435 | D:4      | 2435 ||| FLEEEEING.
  2503 | D:4      | Found an iron altar of Okawaru.
  2504 | D:4      | 2504 ||| PLANNING OKAWARU WORSHIP
  2511 | D:4      | Became a worshipper of Warmaster Okawaru
  2512 | D:4      | 2512 ||| PLANNING D:1-11
  2864 | D:4      | 2864 ||| Stepping ~*~*~tactically~*~*~ (stealth).
  2894 | D:4      | Reached skill level 6 in Shields
  3120 | D:4      | Found a snail-covered altar of Cheibriados.
  3121 | D:4      | Found a bloodstained altar of Trog.
  3123 | D:4      | Found a sparkling altar of Nemelex Xobeh.
  3193 | D:4      | 3193 ||| READING scroll labelled WIG LIAFULL.
  3218 | D:5      | Entered Level 5 of the Dungeon
  3237 | D:5      | 3237 ||| Stepping ~*~*~tactically~*~*~ (stealth).
  3243 | D:5      | Reached XP level 7. HP: 38/41 MP: 7/7
  3276 | D:5      | Found an ancient bone altar of Kikubaaqudgha.
  3282 | D:5      | 3282 ||| Stepping ~*~*~tactically~*~*~ (stealth).
  3283 | D:5      | 3283 ||| Stepping ~*~*~tactically~*~*~ (stealth).
  3439 | D:5      | Reached * piety under Okawaru
  3497 | D:5      | Noticed Edmund
  3498 | D:5      | 3498 ||| INVOKING Heroism.
  3509 | D:5      | Killed Edmund
  3553 | D:5      | 3553 ||| DROPPING +0 whip.
  3567 | D:5      | Found a staircase to the Ecumenical Temple.
  3618 | D:5      | Noticed Eustachio
  3619 | D:5      | 3619 ||| INVOKING Heroism.
  3633 | D:5      | Killed Eustachio
  3634 | D:5      | Reached XP level 8. HP: 46/46 MP: 8/8
  3768 | D:5      | 3768 ||| INVOKING Heroism.
  3978 | D:5      | Found a burning altar of Makhleb.
  3996 | D:5      | Reached skill level 1 in Invocations
  4140 | D:5      | 4140 ||| Stepping ~*~*~tactically~*~*~ (hiding).
  4148 | D:5      | 4148 ||| INVOKING Heroism.
  4154 | D:5      | Reached skill level 9 in Shields
  4262 | D:5      | 4262 ||| INVOKING Heroism.
  4319 | D:5      | 4319 ||| READING scroll labelled IKICEC YZIT.
  4320 | D:5      | 4320 ||| READING scroll labelled DOTI JYOFALATZ.
  4321 | D:5      | 4321 ||| READING scroll labelled NOATIMO ZOLUD.
  4340 | D:6      | 4340 ||| PLANNING SEWER
  4399 | D:6      | Noticed a wraith
  4419 | D:6      | Killed a wraith
  4420 | D:6      | Reached skill level 4 in Fighting
  4420 | D:6      | Reached skill level 3 in Invocations
  4456 | D:6      | Reached ** piety under Okawaru
  4520 | D:6      | Reached skill level 6 in Axes
  4520 | D:6      | Reached XP level 9. HP: 52/52 MP: 12/12
  4752 | D:6      | Found a glowing drain.
  4753 | D:6      | 4753 ||| READING scroll labelled YNGICA LIEBA.
  4753 | D:6      | Identified a scroll of acquirement
  4753 | D:6      | 4753 ||| ACQUIRING +1 broad axe of venom
  4753 | D:6      | Acquired a +1 broad axe of venom
  4755 | D:6      | 4755 ||| SWAPPING to +1 broad axe of venom.
  4756 | D:6      | 4756 ||| DROPPING +1 war axe.
  4760 | Sewer    | Entered a sewer
  4761 | Sewer    | 4761 ||| INVOKING Heroism.
  4899 | Sewer    | 4899 ||| Stepping ~*~*~tactically~*~*~ (stealth).
  4900 | Sewer    | 4900 ||| Stepping ~*~*~tactically~*~*~ (stealth).
  4907 | Sewer    | Found a burning altar of Makhleb.
  4909 | Sewer    | 4909 ||| INVOKING Heroism.
  4947 | Sewer    | Noticed Grinder
  4948 | Sewer    | 4948 ||| INVOKING Heroism.
  4962 | Sewer    | Killed Grinder
  4999 | Sewer    | 4999 ||| Stepping ~*~*~tactically~*~*~ (stealth).
  5089 | Sewer    | 5089 ||| UPGRADING to +1 helmet.
  5094 | Sewer    | 5094 ||| READING 2 scrolls of identify.
  5094 | Sewer    | 5094 ||| IDENTIFYING murky puce potion
  5128 | D:6      | 5128 ||| PLANNING D:1-11
  5228 | D:6      | Found a blossoming altar of Fedhas.
  5244 | D:6      | Noticed an oklob plant
  5245 | D:6      | 5245 ||| INVOKING Heroism.
  5334 | D:6      | 5334 ||| Stepping ~*~*~tactically~*~*~ (stealth).
  5335 | D:6      | 5335 ||| Stepping ~*~*~tactically~*~*~ (stealth).
  5349 | D:6      | 5349 ||| INVOKING Heroism.
  5517 | D:6      | 5517 ||| INVOKING Heroism.
  5592 | D:7      | 5592 ||| Stepping ~*~*~tactically~*~*~ (hiding).
  6077 | D:7      | Found Ufiv Rith's Assorted Antiques.
  6085 | D:7      | 6085 ||| BUYING lumpy blue potion (18 gold).
  6085 | D:7      | Bought a lumpy blue potion for 18 gold pieces
  6085 | D:7      | 6085 ||| BUYING scroll labelled ZYICAOGHIA (20 gold).
  6085 | D:7      | Bought a scroll labelled ZYICAOGHIA for 20 gold pieces
  6085 | D:7      | 6085 ||| BUYING scroll of teleportation (60 gold).
  6085 | D:7      | Bought a scroll of teleportation for 60 gold pieces
  6352 | D:7      | 6352 ||| READING scroll labelled WOIKHOR OTZI.
  6389 | D:7      | 6389 ||| READING scroll labelled ZYICAOGHIA.
  6390 | D:7      | 6390 ||| DRINKING 3 sedimented coppery potions.
  6391 | D:7      | 6391 ||| DRINKING 2 lumpy blue potions.
  6420 | D:7      | 6420 ||| READING 3 scrolls of identify.
  6420 | D:7      | 6420 ||| IDENTIFYING brown potion
  6421 | D:7      | 6421 ||| READING 2 scrolls of identify.
  6421 | D:7      | 6421 ||| IDENTIFYING coppery potion
  6422 | D:7      | 6422 ||| DROPPING potion of degeneration.
  6456 | D:8      | Reached skill level 5 in Fighting
  6510 | D:8      | Reached *** piety under Okawaru
  6511 | D:8      | Reached skill level 1 in Throwing
  6568 | D:8      | 6568 ||| INVOKING Heroism.
  6569 | D:8      | Noticed a hornet
  6574 | D:8      | Killed a hornet
  6577 | D:8      | Reached XP level 10. HP: 41/59 MP: 11/13
  6660 | D:8      | 6660 ||| Stepping ~*~*~tactically~*~*~ (stealth).
  6671 | D:8      | 6671 ||| INVOKING Heroism.
  6674 | D:8      | 6674 ||| Stepping ~*~*~tactically~*~*~ (cloud).
  6763 | D:8      | 6763 ||| Stepping ~*~*~tactically~*~*~ (stealth).
  6788 | D:8      | 6788 ||| Stepping ~*~*~tactically~*~*~ (stealth).
  6844 | D:8      | 6844 ||| INVOKING Heroism.
  6852 | D:8      | Reached **** piety under Okawaru
  6890 | D:8      | 6890 ||| INVOKING Heroism.
  6891 | D:8      | 6891 ||| Stepping ~*~*~tactically~*~*~ (cloud).
  6901 | D:8      | 6901 ||| Stepping ~*~*~tactically~*~*~ (cloud).
  6902 | D:8      | 6902 ||| Stepping ~*~*~tactically~*~*~ (cloud).
  6971 | D:8      | Found a shimmering blue altar of Sif Muna.
  7005 | D:8      | Found a white marble altar of Elyvilon.
  7018 | D:8      | 7018 ||| Stepping ~*~*~tactically~*~*~ (hiding).
  7026 | D:8      | 7026 ||| Stepping ~*~*~tactically~*~*~ (water).
  7075 | D:8      | 7075 ||| Stepping ~*~*~tactically~*~*~ (stealth).
  7079 | D:8      | 7079 ||| Stepping ~*~*~tactically~*~*~ (stealth).
  7092 | D:8      | Found a flagged portal.
  7112 | D:8      | 7112 ||| INVOKING Heroism.
  7117 | D:8      | 7117 ||| Stepping ~*~*~tactically~*~*~ (water).
  7132 | D:8      | Reached skill level 6 in Fighting
  7213 | D:8      | Reached skill level 1 in Dodging
  7367 | D:8      | 7367 ||| UPGRADING to amulet of the acrobat.
  7372 | D:8      | 7372 ||| READING 5 scrolls of identify.
  7372 | D:8      | 7372 ||| IDENTIFYING black potion
  7396 | D:9      | Found a hide-covered altar of Uskayaw.
  7458 | D:9      | 7458 ||| INVOKING Heroism.
  7460 | D:9      | Reached skill level 6 in Invocations
  7470 | D:9      | 7470 ||| DRINKING potion of curing.
  7470 | D:9      | 7470 ||| (to cure confusion)
  7491 | D:9      | 7491 ||| Stepping ~*~*~tactically~*~*~ (stealth).
  7528 | D:9      | Found Ninn's General Store.
  7544 | D:9      | 7544 ||| BUYING scroll of identify (26 gold).
  7544 | D:9      | Bought a scroll of identify for 26 gold pieces
  7565 | D:9      | 7565 ||| Stepping ~*~*~tactically~*~*~ (stealth).
  7567 | D:9      | 7567 ||| Stepping ~*~*~tactically~*~*~ (stealth).
  7603 | D:9      | Found Satzowec's Book Shop.
  7640 | D:9      | Found a basalt altar of Yredelemnul.
  7641 | D:9      | Found a glowing silver altar of Zin.
  7855 | D:9      | 7855 ||| INVOKING Heroism.
  7924 | D:9      | 7924 ||| Stepping ~*~*~tactically~*~*~ (stealth).
  7933 | D:9      | Reached ***** piety under Okawaru
  7937 | D:9      | 7937 ||| INVOKING Heroism.
  8014 | D:9      | Found a shimmering altar of Xom.
  8079 | D:9      | 8079 ||| Stepping ~*~*~tactically~*~*~ (hiding).
  8082 | D:9      | 8082 ||| INVOKING Heroism.
  8095 | D:9      | Reached skill level 9 in Axes
  8095 | D:9      | Reached XP level 11. HP: 61/64 MP: 16/16
  8205 | D:9      | 8205 ||| DROPPING amulet of guardian spirit.
  8206 | D:9      | 8206 ||| UPGRADING to ring of see invisible.
  8207 | D:9      | 8207 ||| DRINKING 2 amethyst potions.
  8222 | D:10     | Entered Level 10 of the Dungeon
  8223 | D:10     | 8223 ||| INVOKING Heroism.
  8259 | D:10     | 8259 ||| Stepping ~*~*~tactically~*~*~ (hiding).
  8261 | D:10     | 8261 ||| Stepping ~*~*~tactically~*~*~ (hiding).
  8374 | D:10     | Found a shadowy altar of Dithmenos.
  8403 | D:10     | Found a radiant altar of Vehumet.
  8498 | D:10     | Noticed a centaur warrior
  8499 | D:10     | 8499 ||| Stepping ~*~*~tactically~*~*~ (hiding).
  8501 | D:10     | 8501 ||| Stepping ~*~*~tactically~*~*~ (hiding).
  8504 | D:10     | 8504 ||| INVOKING Heroism.
  8508 | D:10     | Killed a centaur warrior
  8644 | D:10     | 8644 ||| Stepping ~*~*~tactically~*~*~ (stealth).
  8660 | D:10     | 8660 ||| Stepping ~*~*~tactically~*~*~ (stealth).
  8664 | D:10     | 8664 ||| Stepping ~*~*~tactically~*~*~ (stealth).
  8674 | D:10     | 8674 ||| INVOKING Heroism.
  8847 | D:10     | Found a broken altar of Ashenzari.
  8986 | D:10     | 8986 ||| Stepping ~*~*~tactically~*~*~ (stealth).
  8989 | D:10     | 8989 ||| Stepping ~*~*~tactically~*~*~ (stealth).
  8991 | D:10     | 8991 ||| Stepping ~*~*~tactically~*~*~ (stealth).
  8994 | D:10     | 8994 ||| Stepping ~*~*~tactically~*~*~ (stealth).
  8996 | D:10     | 8996 ||| INVOKING Heroism.
  9308 | D:10     | Reached skill level 12 in Shields
  9318 | D:10     | Found Poejoky's Serpentskin Sales.
  9319 | D:10     | 9319 ||| INVOKING Heroism.
  9378 | D:10     | 9378 ||| INVOKING Heroism.
  9384 | D:10     | Reached skill level 9 in Invocations
  9392 | D:10     | 9392 ||| READING scroll labelled BUEDO QUANGAIH.
  9393 | D:10     | 9393 ||| READING 7 scrolls of identify.
  9393 | D:10     | 9393 ||| IDENTIFYING murky green potion
  9394 | D:10     | 9394 ||| DROPPING potion of ambrosia.
  9421 | D:11     | Noticed a brown ugly thing
  9430 | D:11     | 9430 ||| INVOKING Heroism.
  9430 | D:11     | Killed a brown ugly thing
  9535 | D:11     | Noticed a cyclops
  9536 | D:11     | 9536 ||| INVOKING Heroism.
  9551 | D:11     | Killed a cyclops
  9614 | D:11     | Noticed a manticore
  9615 | D:11     | 9615 ||| INVOKING Heroism.
  9626 | D:11     | Killed a manticore
  9627 | D:11     | Reached skill level 6 in Armour
  9824 | D:11     | 9824 ||| INVOKING Heroism.
  9832 | D:11     | Received a gift from Okawaru
  9883 | D:11     | 9883 ||| Stepping ~*~*~tactically~*~*~ (stealth).
  9889 | D:11     | 9889 ||| INVOKING Heroism.
  9912 | D:11     | Reached skill level 7 in Fighting
  9924 | D:11     | 9924 ||| INVOKING Heroism.
  9949 | D:11     | Reached ****** piety under Okawaru
  9950 | D:11     | Reached XP level 12. HP: 71/72 MP: 19/19
 10024 | D:11     | 10024 ||| Stepping ~*~*~tactically~*~*~ (stealth).
 10083 | D:11     | 10083 ||| INVOKING Heroism.
 10229 | D:11     | Identified the +7 steam dragon scales of Reasonable
                  | Knowledge {rF+} (Okawaru gifted it to you on level 11 of
                  | the Dungeon)
 10229 | D:11     | Received a gift from Okawaru
 10270 | D:11     | 10270 ||| INVOKING Heroism.
 10446 | D:11     | Noticed a two-headed ogre
 10454 | D:11     | Killed a two-headed ogre
 10769 | D:11     | 10769 ||| INVOKING Heroism.
 10778 | D:11     | Reached skill level 8 in Fighting
 10884 | D:11     | Noticed a two-headed ogre
 10895 | D:11     | 10895 ||| INVOKING Heroism.
 10946 | D:11     | Killed a two-headed ogre
 11062 | D:11     | 11062 ||| INVOKING Heroism.
 11131 | D:11     | Found a staircase to the Lair.
 11177 | D:11     | 11177 ||| Stepping ~*~*~tactically~*~*~ (stealth).
 11179 | D:11     | 11179 ||| INVOKING Heroism.
 11180 | D:11     | 11180 ||| Stepping ~*~*~tactically~*~*~ (stealth).
 11287 | D:11     | Noticed a boulder beetle
 11288 | D:11     | 11288 ||| INVOKING Heroism.
 11289 | D:11     | 11289 ||| INVOKING Finesse.
 11305 | D:11     | Killed a boulder beetle
 11476 | D:11     | 11476 ||| PLANNING LAIR
 11476 | D:11     | 11476 ||| READING 7 scrolls of identify.
 11476 | D:11     | 11476 ||| IDENTIFYING grey potion
 11477 | D:11     | 11477 ||| DROPPING potion of brilliance.
 11523 | Lair:1   | Entered Level 1 of the Lair of Beasts
 11524 | Lair:1   | 11524 ||| PLANNING GAUNTLET
 11602 | Lair:1   | 11602 ||| INVOKING Heroism.
 11644 | Lair:1   | Noticed a boulder beetle
 11645 | Lair:1   | 11645 ||| INVOKING Heroism.
 11646 | Lair:1   | 11646 ||| INVOKING Finesse.
 11659 | Lair:1   | Killed a boulder beetle
 11703 | Lair:1   | 11703 ||| Stepping ~*~*~tactically~*~*~ (stealth).
 11704 | Lair:1   | 11704 ||| Stepping ~*~*~tactically~*~*~ (stealth).
 11709 | Lair:1   | 11709 ||| INVOKING Heroism.
 11716 | Lair:1   | Reached XP level 13. HP: 51/78 MP: 18/20
 11718 | Lair:1   | 11718 ||| Stepping ~*~*~tactically~*~*~ (stealth).
 11736 | Lair:1   | Reached skill level 9 in Fighting
 11930 | Lair:1   | 11930 ||| Stepping ~*~*~tactically~*~*~ (stealth).
 11932 | Lair:1   | 11932 ||| Stepping ~*~*~tactically~*~*~ (stealth).
 12030 | Lair:1   | 12030 ||| RIP GAUNTLET
 12031 | Lair:1   | 12031 ||| PLANNING LAIR
 12085 | Lair:1   | 12085 ||| INVOKING Heroism.
 12243 | Lair:1   | 12243 ||| INVOKING Heroism.
 12496 | Lair:1   | 12496 ||| DROPPING ring of flight.
 12511 | Lair:2   | 12511 ||| Stepping ~*~*~tactically~*~*~ (hiding).
 12513 | Lair:2   | 12513 ||| INVOKING Heroism.
 12541 | Lair:2   | 12541 ||| Stepping ~*~*~tactically~*~*~ (stealth).
 12543 | Lair:2   | 12543 ||| Stepping ~*~*~tactically~*~*~ (stealth).
 12544 | Lair:2   | 12544 ||| Stepping ~*~*~tactically~*~*~ (stealth).
 12547 | Lair:2   | Received a gift from Okawaru
 12551 | Lair:2   | 12551 ||| Stepping ~*~*~tactically~*~*~ (stealth).
 12558 | Lair:2   | 12558 ||| INVOKING Heroism.
 12597 | Lair:2   | 12597 ||| Stepping ~*~*~tactically~*~*~ (stealth).
 12598 | Lair:2   | 12598 ||| Stepping ~*~*~tactically~*~*~ (stealth).
 12600 | Lair:2   | 12600 ||| Stepping ~*~*~tactically~*~*~ (stealth).
 12601 | Lair:2   | 12601 ||| Stepping ~*~*~tactically~*~*~ (stealth).
 12602 | Lair:2   | 12602 ||| FLEEEEING.
 12603 | Lair:2   | 12603 ||| Stepping ~*~*~tactically~*~*~ (stealth).
 12604 | Lair:2   | 12604 ||| INVOKING Heroism.
 12695 | Lair:2   | 12695 ||| INVOKING Heroism.
 12704 | Lair:2   | Reached skill level 3 in Throwing
 12799 | Lair:2   | 12799 ||| Stepping ~*~*~tactically~*~*~ (stealth).
 12810 | Lair:2   | 12810 ||| INVOKING Heroism.
 12858 | Lair:2   | 12858 ||| FLEEEEING.
 12860 | Lair:2   | 12860 ||| FLEEEEING.
 12862 | Lair:2   | 12862 ||| INVOKING Heroism.
 12872 | Lair:2   | 12872 ||| Stepping ~*~*~tactically~*~*~ (stealth).
 12882 | Lair:2   | 12882 ||| Stepping ~*~*~tactically~*~*~ (stealth).
 12988 | Lair:2   | 12988 ||| INVOKING Heroism.
 12989 | Lair:2   | 12989 ||| INVOKING Finesse.
 12991 | Lair:2   | 12991 ||| SWAPPING to +1 flail of venom.
 13003 | Lair:2   | Reached skill level 12 in Axes
 13003 | Lair:2   | 13003 ||| SWAPPING to +1 broad axe of venom.
 13057 | Lair:2   | Received a gift from Okawaru
 13186 | Lair:2   | Found a staircase to the Swamp.
 13212 | Lair:2   | 13212 ||| INVOKING Heroism.
 13332 | Lair:2   | Found a staircase to the Snake Pit.
 13338 | Lair:2   | 13338 ||| DROPPING +1 flail of venom.
 13525 | Lair:2   | 13525 ||| Stepping ~*~*~tactically~*~*~ (stealth).
 13534 | Lair:2   | 13534 ||| INVOKING Heroism.
 13645 | Lair:2   | 13645 ||| DROPPING ring of wizardry.
 13646 | Lair:2   | 13646 ||| READING scroll labelled HADGHE XONAAT.
 13647 | Lair:2   | 13647 ||| READING scroll labelled KANIPN PENKU.
 13648 | Lair:2   | 13648 ||| READING scroll labelled ECKEABB XEFRA.
 13885 | Lair:3   | 13885 ||| INVOKING Heroism.
 13978 | Lair:3   | 13978 ||| Stepping ~*~*~tactically~*~*~ (stealth).
 13983 | Lair:3   | 13983 ||| Stepping ~*~*~tactically~*~*~ (stealth).
 13984 | Lair:3   | 13984 ||| Stepping ~*~*~tactically~*~*~ (stealth).
 13985 | Lair:3   | 13985 ||| Stepping ~*~*~tactically~*~*~ (stealth).
 13987 | Lair:3   | 13987 ||| Stepping ~*~*~tactically~*~*~ (stealth).
 13989 | Lair:3   | 13989 ||| INVOKING Heroism.
 13994 | Lair:3   | Received a gift from Okawaru
 14000 | Lair:3   | Reached skill level 9 in Armour
 14073 | Lair:3   | 14073 ||| INVOKING Heroism.
 14259 | Lair:3   | 14259 ||| INVOKING Heroism.
 14260 | Lair:3   | 14260 ||| Stepping ~*~*~tactically~*~*~ (stealth).
 14264 | Lair:3   | 14264 ||| INVOKING Finesse.
 14308 | Lair:3   | 14308 ||| Stepping ~*~*~tactically~*~*~ (stealth).
 14309 | Lair:3   | 14309 ||| Stepping ~*~*~tactically~*~*~ (stealth).
 14316 | Lair:3   | 14316 ||| INVOKING Heroism.
 14317 | Lair:3   | 14317 ||| INVOKING Finesse.
 14371 | Lair:3   | 14371 ||| INVOKING Heroism.
 14384 | Lair:3   | 14384 ||| Stepping ~*~*~tactically~*~*~ (stealth).
 14385 | Lair:3   | 14385 ||| Stepping ~*~*~tactically~*~*~ (stealth).
 14386 | Lair:3   | 14386 ||| Stepping ~*~*~tactically~*~*~ (stealth).
 14395 | Lair:3   | 14395 ||| INVOKING Finesse.
 14397 | Lair:3   | Reached skill level 10 in Fighting
 14406 | Lair:3   | Gained mutation: Your large and strong wings let you fly.
                  | [Gargoyle growth]
 14406 | Lair:3   | Reached XP level 14. HP: 47/88 MP: 15/21
 14569 | Lair:3   | 14569 ||| Stepping ~*~*~tactically~*~*~ (stealth).
 14576 | Lair:3   | Received a gift from Okawaru
 14583 | Lair:3   | 14583 ||| INVOKING Heroism.
 14862 | Lair:3   | Found an ornate altar of the Wu Jian Council.
 14862 | Lair:3   | Found a hide-covered altar of Uskayaw.
 14863 | Lair:3   | 14863 ||| INVOKING Heroism.
 14864 | Lair:3   | 14864 ||| INVOKING Finesse.
 14887 | Lair:3   | 14887 ||| INVOKING Heroism.
 15160 | Lair:4   | 15160 ||| READING scroll of enchant armour.
 15160 | Lair:4   | 15160 ||| ENCHANTING +1 helmet.
 15285 | Lair:4   | 15285 ||| Stepping ~*~*~tactically~*~*~ (stealth).
 15286 | Lair:4   | 15286 ||| INVOKING Heroism.
 15372 | Lair:4   | 15372 ||| Stepping ~*~*~tactically~*~*~ (stealth).
 15373 | Lair:4   | 15373 ||| INVOKING Heroism.
 15374 | Lair:4   | 15374 ||| INVOKING Finesse.
 15398 | Lair:4   | 15398 ||| Stepping ~*~*~tactically~*~*~ (stealth).
 15562 | Lair:4   | 15562 ||| Stepping ~*~*~tactically~*~*~ (stealth).
 15575 | Lair:4   | Reached skill level 15 in Shields
 15768 | Lair:4   | 15768 ||| Stepping ~*~*~tactically~*~*~ (stealth).
 15778 | Lair:4   | 15778 ||| INVOKING Heroism.
 15779 | Lair:4   | 15779 ||| INVOKING Finesse.
 16157 | Lair:4   | 16157 ||| READING 8 scrolls of identify.
 16157 | Lair:4   | 16157 ||| IDENTIFYING lumpy green potion
 16158 | Lair:4   | 16158 ||| DROPPING potion of berserk rage.
 16182 | Lair:5   | Entered Level 5 of the Lair of Beasts
 16185 | Lair:5   | 16185 ||| INVOKING Heroism.
 16186 | Lair:5   | 16186 ||| STAIRDANCE
 16199 | Lair:5   | 16199 ||| STAIRDANCE
 16245 | Lair:5   | 16245 ||| STAIRDANCE
 16433 | Lair:5   | 16433 ||| INVOKING Heroism.
 16480 | Lair:5   | 16480 ||| Stepping ~*~*~tactically~*~*~ (stealth).
 16503 | Lair:5   | 16503 ||| FLEEEEING.
 16504 | Lair:5   | 16504 ||| FLEEEEING.
 16505 | Lair:5   | 16505 ||| FLEEEEING.
 16506 | Lair:5   | 16506 ||| FLEEEEING.
 16507 | Lair:5   | 16507 ||| FLEEEEING.
 16508 | Lair:5   | 16508 ||| FLEEEEING.
 16509 | Lair:5   | 16509 ||| FLEEEEING.
 16510 | Lair:5   | 16510 ||| FLEEEEING.
 16511 | Lair:5   | 16511 ||| FLEEEEING.
 16512 | Lair:5   | 16512 ||| FLEEEEING.
 16513 | Lair:5   | 16513 ||| FLEEEEING.
 16514 | Lair:5   | 16514 ||| FLEEEEING.
 16515 | Lair:5   | 16515 ||| FLEEEEING.
 16516 | Lair:5   | 16516 ||| FLEEEEING.
 16517 | Lair:5   | 16517 ||| STAIRDANCE
 16594 | Lair:5   | 16594 ||| Stepping ~*~*~tactically~*~*~ (stealth).
 16603 | Lair:5   | 16603 ||| INVOKING Heroism.
 16604 | Lair:5   | 16604 ||| INVOKING Finesse.
 16654 | Lair:5   | 16654 ||| Stepping ~*~*~tactically~*~*~ (stealth).
 16665 | Lair:5   | 16665 ||| Stepping ~*~*~tactically~*~*~ (stealth).
 16670 | Lair:5   | 16670 ||| INVOKING Finesse.
 16674 | Lair:5   | 16674 ||| Stepping ~*~*~tactically~*~*~ (stealth).
 16677 | Lair:5   | 16677 ||| INVOKING Heroism.
 16683 | Lair:5   | Identified the +6 war axe of Expedience {venom, Dex+7}
                  | (Okawaru gifted it to you on level 5 of the Lair of Beasts)
 16683 | Lair:5   | Received a gift from Okawaru
 16731 | Lair:5   | 16731 ||| DROPPING +6 war axe of Expedience {venom, Dex+7}.
 16765 | Lair:5   | 16765 ||| INVOKING Heroism.
 16793 | Lair:5   | 16793 ||| Stepping ~*~*~tactically~*~*~ (stealth).
 16835 | Lair:5   | 16835 ||| Stepping ~*~*~tactically~*~*~ (stealth).
 16837 | Lair:5   | Found a staircase to the Slime Pits.
 16838 | Lair:5   | 16838 ||| Stepping ~*~*~tactically~*~*~ (stealth).
 16847 | Lair:5   | 16847 ||| INVOKING Heroism.
 16957 | Lair:5   | Found a viscous altar of Jiyva.
 16975 | Lair:5   | 16975 ||| Stepping ~*~*~tactically~*~*~ (stealth).
 17018 | Lair:5   | 17018 ||| INVOKING Heroism.
 17054 | Lair:5   | 17054 ||| Stepping ~*~*~tactically~*~*~ (stealth).
 17131 | Lair:5   | Noticed an azure jelly
 17132 | Lair:5   | 17132 ||| INVOKING Heroism.
 17133 | Lair:5   | 17133 ||| INVOKING Finesse.
 17134 | Lair:5   | 17134 ||| INVOKING Finesse.
 17152 | Lair:5   | Killed an azure jelly
 17242 | Lair:5   | 17242 ||| Stepping ~*~*~tactically~*~*~ (stealth).
 17243 | Lair:5   | 17243 ||| Stepping ~*~*~tactically~*~*~ (stealth).
 17255 | Lair:5   | 17255 ||| INVOKING Heroism.
 17315 | Lair:5   | 17315 ||| INVOKING Heroism.
 17529 | Lair:5   | 17529 ||| INVOKING Heroism.
 17530 | Lair:5   | 17530 ||| INVOKING Finesse.
 17548 | Lair:5   | Reached skill level 11 in Fighting
 17567 | Lair:5   | 17567 ||| Stepping ~*~*~tactically~*~*~ (stealth).
 17630 | Lair:5   | 17630 ||| Stepping ~*~*~tactically~*~*~ (stealth).
 17657 | Lair:5   | 17657 ||| INVOKING Heroism.
 17658 | Lair:5   | 17658 ||| INVOKING Finesse.
 17680 | Lair:5   | Received a gift from Okawaru
 17714 | Lair:5   | 17714 ||| Stepping ~*~*~tactically~*~*~ (stealth).
 17752 | Lair:5   | 17752 ||| FLEEEEING.
 17798 | Lair:5   | 17798 ||| DROPPING +5 war axe of draining.
 17802 | Lair:5   | 17802 ||| Stepping ~*~*~tactically~*~*~ (stealth).
 17804 | Lair:5   | 17804 ||| INVOKING Heroism.
 17805 | Lair:5   | 17805 ||| INVOKING Finesse.
 17807 | Lair:5   | 17807 ||| SWAPPING to +0 morningstar.
 17810 | Lair:5   | 17810 ||| Stepping ~*~*~tactically~*~*~ (outnumbered).
 17818 | Lair:5   | Reached XP level 15. HP: 84/94 MP: 15/22
 17818 | Lair:5   | 17818 ||| SWAPPING to +1 broad axe of venom.
 17871 | Lair:5   | Identified the +6 dagger of Kismet {holy, *Noise rCorr
                  | Int+2 Dex+2}
 17881 | Lair:5   | Identified the +3 scale mail "Roet" {Will+ Int+5}
 17882 | Lair:5   | Identified the ring "Odofir" {Contam rN++ MP+9}
 17908 | Lair:5   | 17908 ||| INVOKING Heroism.
 17991 | Lair:5   | 17991 ||| Stepping ~*~*~tactically~*~*~ (stealth).
 18018 | Lair:5   | 18018 ||| FLEEEEING.
 18122 | Lair:5   | 18122 ||| PLANNING D
 18122 | Lair:5   | 18122 ||| UPGRADING to +0 pair of gloves of infusion.
 18127 | Lair:5   | 18127 ||| DROPPING +6 ring of dexterity.
 18128 | Lair:5   | 18128 ||| DROPPING ring "Odofir" {Contam rN++ MP+9}.
 18374 | D:12     | 18374 ||| FLEEEEING.
 18375 | D:12     | 18375 ||| FLEEEEING.
 18377 | D:12     | 18377 ||| FLEEEEING.
 18378 | D:12     | 18378 ||| FLEEEEING.
 18379 | D:12     | 18379 ||| FLEEEEING.
 18380 | D:12     | 18380 ||| FLEEEEING.
 18381 | D:12     | 18381 ||| FLEEEEING.
 18382 | D:12     | 18382 ||| FLEEEEING.
 18383 | D:12     | 18383 ||| FLEEEEING.
 18458 | D:12     | Noticed Psyche
 18462 | D:12     | Killed Psyche
 18486 | D:12     | 18486 ||| Stepping ~*~*~tactically~*~*~ (stealth).
 18489 | D:12     | 18489 ||| Stepping ~*~*~tactically~*~*~ (stealth).
 18511 | D:12     | 18511 ||| INVOKING Heroism.
 18571 | D:12     | 18571 ||| Stepping ~*~*~tactically~*~*~ (hiding).
 18603 | D:12     | Found a staircase to the Orcish Mines.
 18607 | D:12     | 18607 ||| INVOKING Heroism.
 18664 | D:12     | 18664 ||| Stepping ~*~*~tactically~*~*~ (hiding).
 18666 | D:12     | 18666 ||| Stepping ~*~*~tactically~*~*~ (hiding).
 18760 | D:12     | 18760 ||| Stepping ~*~*~tactically~*~*~ (stealth).
 18761 | D:12     | 18761 ||| Stepping ~*~*~tactically~*~*~ (hiding).
 19426 | D:13     | 19426 ||| Stepping ~*~*~tactically~*~*~ (hiding).
 19434 | D:13     | 19434 ||| Stepping ~*~*~tactically~*~*~ (hiding).
 19445 | D:13     | 19445 ||| INVOKING Heroism.
 19455 | D:13     | 19455 ||| DRINKING 2 potions of curing.
 19455 | D:13     | 19455 ||| (to cure confusion)
 19523 | D:13     | 19523 ||| INVOKING Heroism.
 19527 | D:13     | 19527 ||| SWAPPING to +0 morningstar.
 19533 | D:13     | 19533 ||| SWAPPING to +1 broad axe of venom.
 19651 | D:13     | 19651 ||| Stepping ~*~*~tactically~*~*~ (hiding).
 19675 | D:13     | Found a gate to the Vaults.
 19694 | D:13     | 19694 ||| Stepping ~*~*~tactically~*~*~ (hiding).
 19695 | D:13     | 19695 ||| INVOKING Heroism.
 19700 | D:13     | 19700 ||| Stepping ~*~*~tactically~*~*~ (hiding).
 19799 | D:13     | 19799 ||| Stepping ~*~*~tactically~*~*~ (stealth).
 19800 | D:13     | 19800 ||| Stepping ~*~*~tactically~*~*~ (stealth).
 19908 | D:13     | 19908 ||| INVOKING Heroism.
 20112 | D:13     | Noticed Maurice
 20124 | D:13     | 20124 ||| INVOKING Heroism.
 20125 | D:13     | Killed Maurice
 20422 | D:13     | Received a gift from Okawaru
 20525 | D:13     | 20525 ||| UPGRADING to +0 cloak.
 20574 | D:14     | 20574 ||| Stepping ~*~*~tactically~*~*~ (hiding).
 20575 | D:14     | 20575 ||| Stepping ~*~*~tactically~*~*~ (hiding).
 20580 | D:14     | 20580 ||| STAIRDANCE
 20629 | D:14     | 20629 ||| INVOKING Heroism.
 20660 | D:14     | HP: 11/94 [centaur warrior/arrow (15)]
 20661 | D:14     | 20661 ||| READING 8 scrolls of teleportation.
 20662 | D:14     | 20662 ||| DRINKING 11 potions of heal wounds.
 20663 | D:14     | 20663 ||| INVOKING Heroism.
 20854 | D:14     | 20854 ||| INVOKING Heroism.
 20855 | D:14     | 20855 ||| INVOKING Finesse.
 20857 | D:14     | 20857 ||| SWAPPING to +0 morningstar.
 20866 | D:14     | 20866 ||| SWAPPING to +1 broad axe of venom.
 21012 | D:14     | 21012 ||| INVOKING Heroism.
 21342 | D:14     | 21342 ||| READING scroll of enchant armour.
 21342 | D:14     | 21342 ||| ENCHANTING +0 pair of gloves of infusion.
 21498 | D:15     | Entered Level 15 of the Dungeon
 21574 | D:15     | 21574 ||| Stepping ~*~*~tactically~*~*~ (stealth).
 21578 | D:15     | 21578 ||| Stepping ~*~*~tactically~*~*~ (stealth).
 21579 | D:15     | 21579 ||| Stepping ~*~*~tactically~*~*~ (stealth).
 21581 | D:15     | 21581 ||| INVOKING Heroism.
 21717 | D:15     | 21717 ||| INVOKING Heroism.
 21747 | D:15     | Reached skill level 15 in Axes
 21902 | D:15     | Identified the +4 whip "Ruatryag" {distort, Fly Int-5 Dex+3
                  | Stlth-} (Okawaru gifted it to you on level 15 of the
                  | Dungeon)
 21902 | D:15     | Received a gift from Okawaru
 22047 | D:15     | Found a staircase to the Depths.
 22048 | D:15     | Noticed a fire giant
 22048 | D:15     | 22048 ||| INVOKING Heroism.
 22049 | D:15     | 22049 ||| Stepping ~*~*~tactically~*~*~ (stealth).
 22050 | D:15     | 22050 ||| INVOKING Finesse.
 22067 | D:15     | Killed a fire giant
 22184 | D:15     | 22184 ||| DROPPING +4 flail.
 22202 | D:15     | 22202 ||| Stepping ~*~*~tactically~*~*~ (hiding).
 22341 | D:15     | 22341 ||| INVOKING Heroism.
 22920 | D:15     | 22920 ||| Stepping ~*~*~tactically~*~*~ (hiding).
 23000 | D:15     | 23000 ||| INVOKING Heroism.
 23001 | D:15     | 23001 ||| Stepping ~*~*~tactically~*~*~ (stealth).
 23002 | D:15     | 23002 ||| INVOKING Finesse.
 23211 | D:15     | 23211 ||| PLANNING ORC
 23366 | Orc:1    | Entered Level 1 of the Orcish Mines
 23367 | Orc:1    | 23367 ||| INVOKING Heroism.
 23376 | Orc:1    | Reached skill level 12 in Fighting
 23641 | Orc:1    | 23641 ||| INVOKING Heroism.
 23653 | Orc:1    | Received a gift from Okawaru
 23867 | Orc:2    | Entered Level 2 of the Orcish Mines
 24026 | Orc:2    | 24026 ||| Stepping ~*~*~tactically~*~*~ (hiding).
 24028 | Orc:2    | 24028 ||| INVOKING Heroism.
 24160 | Orc:2    | Found a staircase to the Elven Halls.
 24270 | Orc:1    | Found Sazaf Dejeb's Jewellery Boutique.
 24367 | Orc:1    | 24367 ||| BUYING amulet of regeneration (480 gold).
 24367 | Orc:1    | Bought an amulet of regeneration for 480 gold pieces
 24367 | Orc:1    | 24367 ||| BUYING ring of Domosm {rPois rF+ rN+ Int+6 Dex-5}
                  | (766 gold).
 24367 | Orc:1    | Bought the ring of Domosm {rPois rF+ rN+ Int+6 Dex-5} for
                  | 766 gold pieces
 24367 | Orc:1    | 24367 ||| BUYING ring of protection from cold (400 gold).
 24367 | Orc:1    | Bought a ring of protection from cold for 400 gold pieces
 24367 | Orc:1    | 24367 ||| SHOPLISTING ring of resist corrosion (320 gold,
                  | have 253).
 24389 | Orc:1    | 24389 ||| INVOKING Heroism.
 24400 | Orc:1    | Paralysed by an orc sorcerer for 3 turns
 24669 | Orc:1    | Found a runed translucent door.
 24672 | Orc:1    | Noticed a balrug
 24685 | Orc:1    | 24685 ||| UPGRADING to amulet of regeneration.
 24695 | Orc:1    | 24695 ||| DROPPING amulet of the acrobat.
 24779 | Orc:2    | 24779 ||| Stepping ~*~*~tactically~*~*~ (hiding).
 24786 | Orc:2    | Reached XP level 16. HP: 101/101 MP: 20/23
 24786 | Orc:2    | Found Obanahuwe's Weapon Shoppe.
 24787 | Orc:2    | 24787 ||| INVOKING Heroism.
 24898 | Orc:2    | 24898 ||| INVOKING Heroism.
 24940 | Orc:2    | HP: 23/101 [orc warrior/bolt (4)]
 24941 | Orc:2    | 24941 ||| READING 8 scrolls of teleportation.
 24942 | Orc:2    | Reached skill level 12 in Armour
 24942 | Orc:2    | 24942 ||| DRINKING 12 potions of heal wounds.
 24956 | Orc:2    | HP: 25/101 [orc warrior/bolt (2)]
 24957 | Orc:2    | 24957 ||| READING 7 scrolls of teleportation.
 24958 | Orc:2    | 24958 ||| DRINKING 11 potions of heal wounds.
 25003 | Orc:2    | 25003 ||| Stepping ~*~*~tactically~*~*~ (stealth).
 25181 | Orc:2    | Found Tamyiteh's Distillery.
 25182 | Orc:2    | Found Ymaapt's General Store.
 25182 | Orc:2    | Found Ryjam's Jewellery Boutique.
 25222 | Orc:2    | Found Gyxkoic's General Store.
 25226 | Orc:2    | 25226 ||| SHOPLISTING +1 acid dragon scales (564 gold, have
                  | 418).
 25226 | Orc:2    | 25226 ||| BUYING potion of mutation (96 gold).
 25226 | Orc:2    | Bought a potion of mutation for 96 gold pieces
 25226 | Orc:2    | 25226 ||| BUYING potion of mutation (96 gold).
 25226 | Orc:2    | Bought a potion of mutation for 96 gold pieces
 25227 | Orc:2    | 25227 ||| SHOPLISTING ring "Gakk" {rElec rF+ rC+} (460
                  | gold, have 226).
 25227 | Orc:2    | 25227 ||| SHOPLISTING ring of fire (250 gold, have 226).
 25227 | Orc:2    | 25227 ||| SHOPLISTING ring of ice (250 gold, have 226).
 25227 | Orc:2    | 25227 ||| SHOPLISTING ring of protection from cold (250
                  | gold, have 226).
 25229 | Orc:2    | 25229 ||| BUYING 2 potions of might (144 gold).
 25229 | Orc:2    | Bought 2 potions of might for 144 gold pieces
 25229 | Orc:2    | 25229 ||| BUYING potion of curing (54 gold).
 25229 | Orc:2    | Bought a potion of curing for 54 gold pieces
 25229 | Orc:2    | 25229 ||| SHOPLISTING potion of haste (180 gold, have 28).
 25229 | Orc:2    | 25229 ||| SHOPLISTING potion of heal wounds (90 gold, have
                  | 28).
 25234 | Orc:2    | 25234 ||| SHOPLISTING potion of haste (170 gold, have 28).
 25237 | Orc:2    | 25237 ||| Stepping ~*~*~tactically~*~*~ (stealth).
 25240 | Orc:2    | 25240 ||| Stepping ~*~*~tactically~*~*~ (stealth).
 25241 | Orc:2    | 25241 ||| Stepping ~*~*~tactically~*~*~ (stealth).
 25442 | Orc:2    | 25442 ||| PLANNING SWAMP:1-3
 25619 | Swamp:1  | Entered Level 1 of the Swamp
 25623 | Swamp:1  | 25623 ||| INVOKING Heroism.
 25790 | Swamp:1  | 25790 ||| INVOKING Heroism.
 25913 | Swamp:1  | 25913 ||| READING scroll of enchant weapon.
 25913 | Swamp:1  | 25913 ||| ENCHANTING +1 broad axe of venom.
 25917 | Swamp:1  | 25917 ||| Stepping randomly (cloudy).
 25923 | Swamp:1  | 25923 ||| INVOKING Heroism.
 25926 | Swamp:1  | Identified the +8 dagger of Courage {freeze, rCorr Str+2}
                  | (Okawaru gifted it to you on level 1 of the Swamp)
 25926 | Swamp:1  | Received a gift from Okawaru
 26018 | Swamp:1  | 26018 ||| INVOKING Heroism.
 26203 | Swamp:1  | 26203 ||| INVOKING Heroism.
 26263 | Swamp:1  | 26263 ||| Stepping ~*~*~tactically~*~*~ (hiding).
 26264 | Swamp:1  | 26264 ||| Stepping ~*~*~tactically~*~*~ (hiding).
 26438 | Swamp:1  | 26438 ||| Stepping ~*~*~tactically~*~*~ (hiding).
 26440 | Swamp:1  | 26440 ||| Stepping ~*~*~tactically~*~*~ (hiding).
 26443 | Swamp:1  | 26443 ||| INVOKING Heroism.
 26934 | Swamp:2  | 26934 ||| INVOKING Heroism.
 27038 | Swamp:2  | 27038 ||| INVOKING Heroism.
 27138 | Swamp:2  | 27138 ||| Stepping ~*~*~tactically~*~*~ (hiding).
 27143 | Swamp:2  | 27143 ||| INVOKING Heroism.
 27151 | Swamp:2  | 27151 ||| Stepping ~*~*~tactically~*~*~ (cloud).
 27155 | Swamp:2  | 27155 ||| INVOKING Finesse.
 27160 | Swamp:2  | 27160 ||| SWAPPING to +0 morningstar.
 27166 | Swamp:2  | 27166 ||| SWAPPING to +2 broad axe of venom.
 27310 | Swamp:2  | 27310 ||| INVOKING Heroism.
 27472 | Swamp:2  | Found a runed translucent door.
 27492 | Swamp:2  | 27492 ||| INVOKING Heroism.
 27574 | Swamp:2  | Noticed pleonasm's ghost (adept OgBe)
 27912 | Swamp:3  | 27912 ||| Stepping ~*~*~tactically~*~*~ (hiding).
 27915 | Swamp:3  | 27915 ||| INVOKING Heroism.
 28011 | Swamp:3  | 28011 ||| INVOKING Heroism.
 28012 | Swamp:3  | 28012 ||| SWAPPING to +0 morningstar.
 28013 | Swamp:3  | 28013 ||| INVOKING Finesse.
 28017 | Swamp:3  | 28017 ||| SWAPPING to +2 broad axe of venom.
 28106 | Swamp:3  | 28106 ||| INVOKING Heroism.
 28119 | Swamp:3  | Received a gift from Okawaru
 28199 | Swamp:3  | 28199 ||| Stepping ~*~*~tactically~*~*~ (hiding).
 28202 | Swamp:3  | 28202 ||| Stepping ~*~*~tactically~*~*~ (hiding).
 28439 | Swamp:3  | Noticed a fenstrider witch
 28440 | Swamp:3  | 28440 ||| INVOKING Heroism.
 28441 | Swamp:3  | Found a runed translucent door.
 28442 | Swamp:3  | Noticed a fenstrider witch
 28447 | Swamp:3  | Killed a fenstrider witch
 28449 | Swamp:3  | Paralysed by a fenstrider witch for 4 turns
 28456 | Swamp:3  | Killed a fenstrider witch
 28500 | Swamp:3  | Noticed a fenstrider witch
 28502 | Swamp:3  | 28502 ||| Stepping ~*~*~tactically~*~*~ (hiding).
 28504 | Swamp:3  | 28504 ||| INVOKING Heroism.
 28517 | Swamp:3  | Killed a fenstrider witch
 28577 | Swamp:3  | 28577 ||| Stepping ~*~*~tactically~*~*~ (hiding).
 28580 | Swamp:3  | 28580 ||| Stepping ~*~*~tactically~*~*~ (hiding).
 28581 | Swamp:3  | 28581 ||| INVOKING Heroism.
 28591 | Swamp:3  | Received a gift from Okawaru
 28595 | Swamp:3  | 28595 ||| Stepping ~*~*~tactically~*~*~ (stealth).
 28607 | Swamp:3  | 28607 ||| Stepping ~*~*~tactically~*~*~ (stealth).
 28731 | Swamp:3  | 28731 ||| UPGRADING to amulet of reflection.
 28732 | Swamp:3  | 28732 ||| UPGRADING to amulet of reflection.
 28736 | Swamp:3  | 28736 ||| INVOKING Heroism.
 28985 | Swamp:3  | 28985 ||| INVOKING Heroism.
 29401 | Swamp:3  | 29401 ||| Stepping ~*~*~tactically~*~*~ (hiding).
 29402 | Swamp:3  | 29402 ||| INVOKING Heroism.
 29479 | Swamp:3  | 29479 ||| PLANNING SNAKE:1-3
 29479 | Swamp:3  | 29479 ||| UPGRADING to amulet of reflection.
 29489 | Swamp:3  | 29489 ||| DROPPING amulet of regeneration.
 29569 | Snake:1  | Entered Level 1 of the Snake Pit
 29628 | Snake:1  | 29628 ||| READING scroll of enchant armour.
 29628 | Snake:1  | 29628 ||| ENCHANTING +1 pair of gloves of infusion.
 29631 | Snake:1  | 29631 ||| Stepping ~*~*~tactically~*~*~ (hiding).
 29635 | Snake:1  | 29635 ||| INVOKING Heroism.
 29644 | Snake:1  | 29644 ||| Stepping ~*~*~tactically~*~*~ (hiding).
 29645 | Snake:1  | 29645 ||| Stepping ~*~*~tactically~*~*~ (hiding).
 29654 | Snake:1  | Received a gift from Okawaru
 29703 | Snake:1  | 29703 ||| SWAPPING to +2 vampiric war axe.
 29713 | Snake:1  | 29713 ||| Stepping ~*~*~tactically~*~*~ (hiding).
 29726 | Snake:1  | Reached XP level 17. HP: 108/108 MP: 19/24
 29770 | Snake:1  | 29770 ||| Stepping ~*~*~tactically~*~*~ (hiding).
 29778 | Snake:1  | 29778 ||| INVOKING Heroism.
 30090 | Snake:1  | 30090 ||| INVOKING Heroism.
 30102 | Snake:1  | Reached skill level 13 in Fighting
 30560 | Snake:1  | 30560 ||| Stepping ~*~*~tactically~*~*~ (hiding).
 30594 | Snake:1  | 30594 ||| Stepping ~*~*~tactically~*~*~ (hiding).
 30708 | Snake:1  | 30708 ||| INVOKING Heroism.
 30725 | Snake:1  | Received a gift from Okawaru
 30735 | Snake:1  | 30735 ||| Stepping ~*~*~tactically~*~*~ (stealth).
 30736 | Snake:1  | 30736 ||| Stepping ~*~*~tactically~*~*~ (stealth).
 30777 | Snake:1  | 30777 ||| INVOKING Heroism.
 30778 | Snake:1  | 30778 ||| SWAPPING to +0 morningstar.
 30783 | Snake:1  | 30783 ||| Stepping ~*~*~tactically~*~*~ (outnumbered).
 30792 | Snake:1  | Reached skill level 6 in Throwing
 30797 | Snake:1  | HP: 27/108 [four-headed hydra (1)]
 30798 | Snake:1  | 30798 ||| READING 7 scrolls of teleportation.
 30799 | Snake:1  | 30799 ||| DRINKING 12 potions of heal wounds.
 30800 | Snake:1  | 30800 ||| DRINKING 11 potions of heal wounds.
 30804 | Snake:1  | 30804 ||| SWAPPING to +2 vampiric war axe.
 31008 | Snake:1  | 31008 ||| Stepping ~*~*~tactically~*~*~ (hiding).
 31009 | Snake:1  | 31009 ||| Stepping ~*~*~tactically~*~*~ (hiding).
 31046 | Snake:1  | 31046 ||| Stepping ~*~*~tactically~*~*~ (stealth).
 31048 | Snake:1  | 31048 ||| Stepping ~*~*~tactically~*~*~ (hiding).
 31061 | Snake:1  | 31061 ||| Stepping ~*~*~tactically~*~*~ (stealth).
 31072 | Snake:1  | 31072 ||| Stepping ~*~*~tactically~*~*~ (stealth).
 31090 | Snake:1  | 31090 ||| Stepping ~*~*~tactically~*~*~ (stealth).
 31092 | Snake:1  | 31092 ||| INVOKING Heroism.
 31094 | Snake:1  | 31094 ||| SWAPPING to +0 morningstar.
 31113 | Snake:1  | 31113 ||| SWAPPING to +2 vampiric war axe.
 31283 | Snake:1  | 31283 ||| Stepping ~*~*~tactically~*~*~ (stealth).
 31325 | Snake:1  | 31325 ||| Stepping ~*~*~tactically~*~*~ (stealth).
 31332 | Snake:1  | 31332 ||| Stepping ~*~*~tactically~*~*~ (stealth).
 31337 | Snake:1  | 31337 ||| Stepping ~*~*~tactically~*~*~ (stealth).
 31339 | Snake:1  | 31339 ||| Stepping ~*~*~tactically~*~*~ (stealth).
 31364 | Snake:1  | 31364 ||| Stepping ~*~*~tactically~*~*~ (stealth).
 31475 | Snake:1  | 31475 ||| Stepping ~*~*~tactically~*~*~ (hiding).
 31494 | Snake:1  | 31494 ||| Stepping ~*~*~tactically~*~*~ (stealth).
 31496 | Snake:1  | 31496 ||| Stepping ~*~*~tactically~*~*~ (stealth).
 31502 | Snake:1  | Received a gift from Okawaru
 31506 | Snake:1  | 31506 ||| Stepping ~*~*~tactically~*~*~ (stealth).
 31672 | Snake:1  | 31672 ||| UPGRADING to +2 pair of boots of stealth.
 31682 | Snake:1  | 31682 ||| DROPPING +0 pair of boots.
 31810 | Snake:2  | 31810 ||| Stepping ~*~*~tactically~*~*~ (hiding).
 31811 | Snake:2  | 31811 ||| Stepping ~*~*~tactically~*~*~ (hiding).
 31864 | Snake:2  | 31864 ||| Stepping ~*~*~tactically~*~*~ (stealth).
 31868 | Snake:2  | 31868 ||| Stepping ~*~*~tactically~*~*~ (hiding).
 31889 | Snake:2  | 31889 ||| Stepping ~*~*~tactically~*~*~ (stealth).
 31890 | Snake:2  | 31890 ||| Stepping ~*~*~tactically~*~*~ (stealth).
 31912 | Snake:2  | 31912 ||| Stepping ~*~*~tactically~*~*~ (hiding).
 31917 | Snake:2  | 31917 ||| INVOKING Heroism.
 31920 | Snake:2  | 31920 ||| Stepping ~*~*~tactically~*~*~ (hiding).
 31924 | Snake:2  | 31924 ||| Stepping ~*~*~tactically~*~*~ (hiding).
 31933 | Snake:2  | 31933 ||| Stepping ~*~*~tactically~*~*~ (hiding).
 31937 | Snake:2  | 31937 ||| Stepping ~*~*~tactically~*~*~ (hiding).
 31946 | Snake:2  | 31946 ||| Stepping ~*~*~tactically~*~*~ (hiding).
 31953 | Snake:2  | 31953 ||| Stepping ~*~*~tactically~*~*~ (hiding).
 32223 | Snake:2  | 32223 ||| Stepping ~*~*~tactically~*~*~ (hiding).
 32226 | Snake:2  | 32226 ||| Stepping ~*~*~tactically~*~*~ (hiding).
 32228 | Snake:2  | 32228 ||| Stepping ~*~*~tactically~*~*~ (hiding).
 32230 | Snake:2  | 32230 ||| Stepping ~*~*~tactically~*~*~ (hiding).
 32235 | Snake:2  | 32235 ||| INVOKING Heroism.
 32348 | Snake:2  | 32348 ||| Stepping ~*~*~tactically~*~*~ (stealth).
 32464 | Snake:2  | 32464 ||| Stepping ~*~*~tactically~*~*~ (hiding).
 32634 | Snake:2  | 32634 ||| Stepping ~*~*~tactically~*~*~ (hiding).
 32635 | Snake:2  | 32635 ||| Stepping ~*~*~tactically~*~*~ (hiding).
 32638 | Snake:2  | 32638 ||| Stepping ~*~*~tactically~*~*~ (hiding).
 32646 | Snake:2  | 32646 ||| INVOKING Heroism.
 33024 | Snake:3  | 33024 ||| INVOKING Heroism.
 33198 | Snake:3  | Found Ybbiem's Antique Weapon Boutique.
 33207 | Snake:3  | 33207 ||| BUYING slimy morningstar (270 gold).
 33207 | Snake:3  | Bought a slimy morningstar for 270 gold pieces
 33207 | Snake:3  | Identified the +5 morningstar "Nimaumn" {drain, Stlth+}
                  | (You bought it in a shop on level 3 of the Snake Pit)
 33207 | Snake:3  | 33207 ||| DROPPING +0 morningstar.
 33214 | Snake:3  | Found Rafaj's Weapon Emporium.
 33214 | Snake:3  | Found Fetuggu's Jewellery Shoppe.
 33218 | Snake:3  | Found Adwah's Weapon Emporium.
 33224 | Snake:3  | 33224 ||| SHOPLISTING amulet of the Four Winds {rN+ Will+++
                  | Clar} (910 gold, have 77).
 33224 | Snake:3  | 33224 ||| SHOPLISTING ring of Lilacs {rCorr Slay+6} (783
                  | gold, have 77).
 33224 | Snake:3  | 33224 ||| SHOPLISTING ring of Xuhu {*Slow rF+++ Int+6}
                  | (1086 gold, have 77).
 33226 | Snake:3  | 33226 ||| SHOPLISTING +0 eveningstar of protection (360
                  | gold, have 77).
 33235 | Snake:3  | 33235 ||| Stepping ~*~*~tactically~*~*~ (stealth).
 33249 | Snake:3  | 33249 ||| Stepping ~*~*~tactically~*~*~ (stealth).
 33255 | Snake:3  | 33255 ||| Stepping ~*~*~tactically~*~*~ (hiding).
 33266 | Snake:3  | Reached skill level 14 in Fighting
 33270 | Snake:3  | 33270 ||| Stepping ~*~*~tactically~*~*~ (stealth).
 33626 | Snake:3  | Reached skill level 18 in Shields
 33666 | Snake:3  | Found Juek's Magic Scroll Shop.
 33680 | Snake:3  | 33680 ||| Stepping ~*~*~tactically~*~*~ (hiding).
 33691 | Snake:3  | 33691 ||| INVOKING Heroism.
 33730 | Snake:3  | 33730 ||| INVOKING Heroism.
 34320 | Snake:3  | Received a gift from Okawaru
 34484 | Snake:3  | 34484 ||| Stepping ~*~*~tactically~*~*~ (hiding).
 34488 | Snake:3  | 34488 ||| Stepping ~*~*~tactically~*~*~ (hiding).
 34491 | Snake:3  | 34491 ||| INVOKING Heroism.
 34698 | Snake:3  | 34698 ||| PLANNING SWAMP:4
 34843 | Swamp:4  | Entered Level 4 of the Swamp
 34846 | Swamp:4  | 34846 ||| INVOKING Heroism.
 34854 | Swamp:4  | Reached XP level 18. HP: 116/116 MP: 19/25
 34869 | Swamp:4  | 34869 ||| DROPPING +5 morningstar "Nimaumn" {drain,
                  | Stlth+}.
 35055 | Swamp:4  | Noticed Kirke
 35057 | Swamp:4  | 35057 ||| Stepping ~*~*~tactically~*~*~ (stealth).
 35068 | Swamp:4  | Killed Kirke
 35130 | Swamp:4  | 35130 ||| INVOKING Heroism.
 35250 | Swamp:4  | 35250 ||| Stepping ~*~*~tactically~*~*~ (hiding).
 35287 | Swamp:4  | 35287 ||| Stepping ~*~*~tactically~*~*~ (hiding).
 35290 | Swamp:4  | 35290 ||| INVOKING Heroism.
 35318 | Swamp:4  | Noticed the 27-headed Lernaean hydra
 35319 | Swamp:4  | Received a gift from Okawaru
 35347 | Swamp:4  | Killed the 26-headed Lernaean hydra
 35369 | Swamp:4  | HP: 22/116 [19-headed hydra (8)]
 35370 | Swamp:4  | 35370 ||| READING 6 scrolls of teleportation.
 35371 | Swamp:4  | 35371 ||| DRINKING 10 potions of heal wounds.
 35372 | Swamp:4  | 35372 ||| DRINKING 9 potions of heal wounds.
 35374 | Swamp:4  | 35374 ||| DRINKING 8 potions of heal wounds.
 35374 | Swamp:4  | HP: 29/116 [20-headed hydra (1)]
 35374 | Swamp:4  | HP: 13/116 [20-headed hydra (11)]
 35375 | Swamp:4  | 35375 ||| DRINKING 7 potions of heal wounds.
 35389 | Swamp:4  | Received a gift from Okawaru
 35390 | Swamp:4  | Reached skill level 3 in Dodging
 35571 | Swamp:4  | 35571 ||| INVOKING Heroism.
 35611 | Swamp:4  | 35611 ||| Stepping ~*~*~tactically~*~*~ (stealth).
 35612 | Swamp:4  | 35612 ||| Stepping ~*~*~tactically~*~*~ (stealth).
 35624 | Swamp:4  | 35624 ||| INVOKING Heroism.
 35673 | Swamp:4  | 35673 ||| INVOKING Heroism.
 36076 | Swamp:4  | 36076 ||| Stepping ~*~*~tactically~*~*~ (hiding).
 36307 | Swamp:4  | 36307 ||| Stepping ~*~*~tactically~*~*~ (stealth).
 36344 | Swamp:4  | 36344 ||| Stepping ~*~*~tactically~*~*~ (stealth).
 36348 | Swamp:4  | 36348 ||| INVOKING Heroism.
 36353 | Swamp:4  | Received a gift from Okawaru
 36544 | Swamp:4  | 36544 ||| Stepping ~*~*~tactically~*~*~ (hiding).
 36545 | Swamp:4  | 36545 ||| Stepping ~*~*~tactically~*~*~ (hiding).
 36546 | Swamp:4  | 36546 ||| Stepping ~*~*~tactically~*~*~ (hiding).
 36568 | Swamp:4  | 36568 ||| Stepping ~*~*~tactically~*~*~ (stealth).
 36612 | Swamp:4  | 36612 ||| Stepping ~*~*~tactically~*~*~ (stealth).
 36614 | Swamp:4  | 36614 ||| Stepping ~*~*~tactically~*~*~ (hiding).
 36708 | Swamp:4  | 36708 ||| INVOKING Heroism.
 36739 | Swamp:4  | Reached skill level 15 in Fighting
 36929 | Swamp:4  | Got a decaying rune of Zot
 37106 | Swamp:4  | 37106 ||| INVOKING Heroism.
 37266 | Swamp:4  | 37266 ||| PLANNING VAULTS:1-4
 37266 | Swamp:4  | 37266 ||| DROPPING ring of willpower.
 37267 | Swamp:4  | 37267 ||| READING 19 scrolls of identify.
 37267 | Swamp:4  | 37267 ||| IDENTIFYING metallic puce potion
 37268 | Swamp:4  | 37268 ||| DROPPING potion of flight.
 37490 | Vaults:1 | Entered Level 1 of the Vaults
 37491 | Vaults:1 | 37491 ||| INVOKING Heroism.
 37500 | Vaults:1 | Received a gift from Okawaru
 37803 | Vaults:1 | 37803 ||| INVOKING Heroism.
 37827 | Vaults:1 | Noticed Saint Roka
 37842 | Vaults:1 | Reached skill level 15 in Armour
 37855 | Vaults:1 | HP: 29/119 [Saint Roka/divine providence (11)]
 37856 | Vaults:1 | 37856 ||| READING 5 scrolls of teleportation.
 37857 | Vaults:1 | 37857 ||| DRINKING 6 potions of heal wounds.
 37858 | Vaults:1 | 37858 ||| DRINKING 5 potions of heal wounds.
 37910 | Vaults:1 | 37910 ||| INVOKING Heroism.
 37939 | Vaults:1 | Received a gift from Okawaru
 37964 | Vaults:1 | HP: 26/119 [Saint Roka/divine providence (13)]
 37965 | Vaults:1 | 37965 ||| READING 4 scrolls of teleportation.
 37965 | Vaults:1 | HP: 8/119 [Saint Roka/+1 war axe of electrocution (19)]
 37966 | Vaults:1 | 37966 ||| DRINKING 4 potions of heal wounds.
 37967 | Vaults:1 | 37967 ||| DRINKING 3 potions of heal wounds.
 37986 | Vaults:1 | HP: 29/119 [lindwurm/blast of flame (39)]
 37987 | Vaults:1 | 37987 ||| READING 3 scrolls of teleportation.
 37989 | Vaults:1 | 37989 ||| DRINKING 2 potions of heal wounds.
 37990 | Vaults:1 | 37990 ||| DRINKING potion of heal wounds.
 38004 | Vaults:1 | 38004 ||| INVOKING Heroism.
 38028 | Vaults:1 | Killed Saint Roka
 38220 | Vaults:1 | 38220 ||| INVOKING Heroism.
 38229 | Vaults:1 | Received a gift from Okawaru
 38418 | Vaults:1 | Noticed Aizul
 38419 | Vaults:1 | 38419 ||| INVOKING Heroism.
 38420 | Vaults:1 | 38420 ||| INVOKING Finesse.
 38438 | Vaults:1 | Killed Aizul
 38439 | Vaults:1 | Reached skill level 9 in Throwing
 38652 | Vaults:1 | 38652 ||| INVOKING Heroism.
 38660 | Vaults:1 | Received a gift from Okawaru
 38751 | Vaults:1 | 38751 ||| DROPPING +1 vorpal war axe.
 38753 | Vaults:1 | 38753 ||| Stepping ~*~*~tactically~*~*~ (hiding).
 38756 | Vaults:1 | 38756 ||| Stepping ~*~*~tactically~*~*~ (hiding).
 38760 | Vaults:1 | 38760 ||| INVOKING Heroism.
 38912 | Vaults:1 | 38912 ||| Stepping ~*~*~tactically~*~*~ (stealth).
 38975 | Vaults:1 | 38975 ||| Stepping ~*~*~tactically~*~*~ (stealth).
 38977 | Vaults:1 | 38977 ||| Stepping ~*~*~tactically~*~*~ (hiding).
 39059 | Vaults:1 | 39059 ||| Stepping ~*~*~tactically~*~*~ (stealth).
 39061 | Vaults:1 | 39061 ||| Stepping ~*~*~tactically~*~*~ (stealth).
 39063 | Vaults:1 | 39063 ||| Stepping ~*~*~tactically~*~*~ (stealth).
 39075 | Vaults:1 | 39075 ||| INVOKING Heroism.
 39077 | Vaults:1 | Reached XP level 19. HP: 124/124 MP: 14/26
 39226 | Vaults:1 | 39226 ||| Stepping ~*~*~tactically~*~*~ (stealth).
 39227 | Vaults:1 | 39227 ||| Stepping ~*~*~tactically~*~*~ (stealth).
 39417 | Vaults:1 | 39417 ||| INVOKING Heroism.
 39419 | Vaults:1 | Reached skill level 16 in Fighting
 39427 | Vaults:1 | Received a gift from Okawaru
 39477 | Vaults:1 | Received a gift from Okawaru
 39496 | Vaults:1 | 39496 ||| Stepping ~*~*~tactically~*~*~ (stealth).
 39570 | Vaults:1 | 39570 ||| Stepping ~*~*~tactically~*~*~ (stealth).
 39573 | Vaults:1 | 39573 ||| Stepping ~*~*~tactically~*~*~ (stealth).
 39574 | Vaults:1 | 39574 ||| Stepping ~*~*~tactically~*~*~ (hiding).
 39795 | Vaults:1 | 39795 ||| Stepping ~*~*~tactically~*~*~ (stealth).
 39803 | Vaults:1 | 39803 ||| INVOKING Heroism.
 39946 | Vaults:1 | Found Numak's Magic Scroll Shop.
 39951 | Vaults:1 | 39951 ||| BUYING scroll of enchant armour (142 gold).
 39951 | Vaults:1 | Bought a scroll of enchant armour for 142 gold pieces
 39951 | Vaults:1 | 39951 ||| READING scroll of enchant armour.
 39951 | Vaults:1 | 39951 ||| ENCHANTING +0 cloak.
 40209 | Vaults:1 | 40209 ||| INVOKING Heroism.
 40210 | Vaults:1 | 40210 ||| INVOKING Finesse.
 40598 | Vaults:1 | 40598 ||| DROPPING +7 steam dragon scales of Reasonable
                  | Knowledge {rF+}.
 40599 | Vaults:1 | 40599 ||| UPGRADING to +2 chain mail of fire resistance.
 40650 | Vaults:2 | 40650 ||| INVOKING Heroism.
 40714 | Vaults:2 | 40714 ||| DROPPING amulet of magic regeneration.
 40716 | Vaults:2 | 40716 ||| Stepping randomly (stuck).
 40717 | Vaults:2 | 40717 ||| Stepping randomly (stuck).
 40741 | Vaults:2 | 40741 ||| Stepping ~*~*~tactically~*~*~ (stealth).
 41060 | Vaults:2 | 41060 ||| INVOKING Heroism.
 41228 | Vaults:2 | 41228 ||| INVOKING Heroism.
 41229 | Vaults:2 | 41229 ||| INVOKING Finesse.
 41232 | Vaults:2 | 41232 ||| INVOKING Finesse.
 41271 | Vaults:2 | Reached skill level 17 in Fighting
 41370 | Vaults:2 | 41370 ||| Stepping ~*~*~tactically~*~*~ (stealth).
 41371 | Vaults:2 | 41371 ||| Stepping ~*~*~tactically~*~*~ (stealth).
 41372 | Vaults:2 | 41372 ||| Stepping ~*~*~tactically~*~*~ (stealth).
 41406 | Vaults:2 | 41406 ||| Stepping ~*~*~tactically~*~*~ (stealth).
 41407 | Vaults:2 | 41407 ||| Stepping ~*~*~tactically~*~*~ (stealth).
 41408 | Vaults:2 | 41408 ||| INVOKING Heroism.
 41409 | Vaults:2 | 41409 ||| INVOKING Finesse.
 41610 | Vaults:2 | 41610 ||| Stepping ~*~*~tactically~*~*~ (hiding).
 41612 | Vaults:2 | 41612 ||| INVOKING Heroism.
 41613 | Vaults:2 | 41613 ||| INVOKING Finesse.
 41623 | Vaults:2 | Received a gift from Okawaru
 41810 | Vaults:2 | 41810 ||| Stepping ~*~*~tactically~*~*~ (hiding).
 41811 | Vaults:2 | 41811 ||| INVOKING Heroism.
 41845 | Vaults:2 | 41845 ||| INVOKING Heroism.
 42159 | Vaults:2 | 42159 ||| INVOKING Heroism.
 42180 | Abyss:2  | Cast into level 2 of the Abyss (a wizard)
 42281 | Abyss:2  | 42281 ||| Stepping ~*~*~tactically~*~*~ (stealth).
 42283 | Abyss:2  | 42283 ||| Stepping ~*~*~tactically~*~*~ (stealth).
 42330 | Abyss:2  | 42330 ||| INVOKING Heroism.
 42371 | Abyss:2  | 42371 ||| Stepping ~*~*~tactically~*~*~ (cloud).
 42372 | Abyss:2  | 42372 ||| Stepping ~*~*~tactically~*~*~ (hiding).
 42373 | Abyss:2  | 42373 ||| Stepping ~*~*~tactically~*~*~ (hiding).
 42376 | Abyss:2  | 42376 ||| Stepping ~*~*~tactically~*~*~ (hiding).
 42404 | Abyss:2  | 42404 ||| Stepping ~*~*~tactically~*~*~ (stealth).
 42405 | Abyss:2  | 42405 ||| INVOKING Heroism.
 42409 | Abyss:2  | 42409 ||| Stepping ~*~*~tactically~*~*~ (stealth).
 42436 | Abyss:2  | 42436 ||| Stepping ~*~*~tactically~*~*~ (stealth).
 42437 | Abyss:2  | 42437 ||| Stepping ~*~*~tactically~*~*~ (stealth).
 42442 | Abyss:2  | 42442 ||| Stepping ~*~*~tactically~*~*~ (stealth).
 42443 | Abyss:2  | 42443 ||| INVOKING Heroism.
 42446 | Abyss:2  | 42446 ||| Stepping ~*~*~tactically~*~*~ (hiding).
 42524 | Vaults:2 | Escaped the Abyss
 42531 | Vaults:2 | Identified the +2 cloak of Anaesthesia {rN+ rCorr} (Okawaru
                  | gifted it to you on level 2 of the Vaults)
 42531 | Vaults:2 | Received a gift from Okawaru
 42934 | Vaults:2 | 42934 ||| INVOKING Heroism.
 42935 | Vaults:2 | 42935 ||| INVOKING Finesse.
 43309 | Vaults:2 | 43309 ||| INVOKING Heroism.
 43404 | Vaults:2 | Reached XP level 20. HP: 136/136 MP: 21/27
 43535 | Vaults:2 | 43535 ||| Stepping ~*~*~tactically~*~*~ (hiding).
 43536 | Vaults:2 | 43536 ||| Stepping ~*~*~tactically~*~*~ (hiding).
 43537 | Vaults:2 | 43537 ||| Stepping ~*~*~tactically~*~*~ (hiding).
 43629 | Vaults:2 | 43629 ||| FLEEEEING.
 43954 | Vaults:2 | 43954 ||| Stepping ~*~*~tactically~*~*~ (hiding).
 43955 | Vaults:2 | 43955 ||| Stepping ~*~*~tactically~*~*~ (hiding).
 43956 | Vaults:2 | 43956 ||| Stepping ~*~*~tactically~*~*~ (hiding).
 43957 | Vaults:2 | 43957 ||| Stepping ~*~*~tactically~*~*~ (hiding).
 43959 | Vaults:2 | 43959 ||| INVOKING Heroism.
 43968 | Vaults:2 | Reached skill level 18 in Fighting
 44147 | Vaults:2 | 44147 ||| Stepping ~*~*~tactically~*~*~ (hiding).
 44149 | Vaults:2 | 44149 ||| Stepping ~*~*~tactically~*~*~ (hiding).
 44305 | Vaults:2 | 44305 ||| Stepping ~*~*~tactically~*~*~ (hiding).
 44314 | Vaults:2 | 44314 ||| INVOKING Heroism.
 44412 | Vaults:2 | 44412 ||| Stepping ~*~*~tactically~*~*~ (stealth).
 44417 | Vaults:2 | 44417 ||| INVOKING Heroism.
 44778 | Vaults:2 | 44778 ||| UPGRADING to +2 cloak of Anaesthesia {rN+ rCorr}.
 44788 | Vaults:2 | 44788 ||| DROPPING +1 cloak.
 44851 | Vaults:3 | 44851 ||| Stepping ~*~*~tactically~*~*~ (stealth).
 44853 | Vaults:3 | 44853 ||| INVOKING Heroism.
 44939 | Vaults:3 | 44939 ||| Stepping ~*~*~tactically~*~*~ (stealth).
 44948 | Vaults:3 | 44948 ||| INVOKING Heroism.
 45135 | Vaults:3 | 45135 ||| Stepping ~*~*~tactically~*~*~ (hiding).
 45140 | Vaults:3 | 45140 ||| INVOKING Heroism.
 45287 | Vaults:3 | 45287 ||| Stepping ~*~*~tactically~*~*~ (stealth).
 45330 | Vaults:3 | 45330 ||| INVOKING Heroism.
 45607 | Vaults:3 | 45607 ||| Stepping ~*~*~tactically~*~*~ (hiding).
 45608 | Vaults:3 | 45608 ||| Stepping ~*~*~tactically~*~*~ (hiding).
 45706 | Vaults:3 | Paralysed by a great orb of eyes for 3 turns
 45746 | Vaults:3 | 45746 ||| Stepping ~*~*~tactically~*~*~ (hiding).
 45747 | Vaults:3 | 45747 ||| Stepping ~*~*~tactically~*~*~ (hiding).
 45759 | Vaults:3 | Received a gift from Okawaru
 45815 | Abyss:3  | Cast into level 3 of the Abyss (a wizard)
 45842 | Abyss:3  | 45842 ||| Stepping ~*~*~tactically~*~*~ (stealth).
 45844 | Abyss:3  | 45844 ||| Stepping ~*~*~tactically~*~*~ (stealth).
 45883 | Abyss:3  | 45883 ||| Stepping ~*~*~tactically~*~*~ (hiding).
 45884 | Abyss:3  | 45884 ||| Stepping ~*~*~tactically~*~*~ (hiding).
 45928 | Abyss:3  | 45928 ||| INVOKING Heroism.
 45972 | Abyss:3  | 45972 ||| Stepping ~*~*~tactically~*~*~ (stealth).
 45977 | Abyss:3  | 45977 ||| Stepping ~*~*~tactically~*~*~ (stealth).
 46008 | Abyss:3  | 46008 ||| Stepping ~*~*~tactically~*~*~ (stealth).
 46009 | Abyss:3  | 46009 ||| Stepping ~*~*~tactically~*~*~ (hiding).
 46010 | Abyss:3  | 46010 ||| Stepping ~*~*~tactically~*~*~ (hiding).
 46014 | Abyss:3  | 46014 ||| INVOKING Heroism.
 46030 | Abyss:3  | Received a gift from Okawaru
 46043 | Abyss:3  | 46043 ||| Stepping ~*~*~tactically~*~*~ (stealth).
 46045 | Abyss:3  | 46045 ||| Stepping ~*~*~tactically~*~*~ (stealth).
 46047 | Abyss:3  | 46047 ||| Stepping ~*~*~tactically~*~*~ (stealth).
 46048 | Abyss:3  | 46048 ||| Stepping ~*~*~tactically~*~*~ (stealth).
 46049 | Abyss:3  | 46049 ||| Stepping ~*~*~tactically~*~*~ (hiding).
 46051 | Abyss:3  | 46051 ||| INVOKING Heroism.
 46062 | Abyss:3  | 46062 ||| Stepping ~*~*~tactically~*~*~ (stealth).
 46105 | Abyss:3  | 46105 ||| INVOKING Heroism.
 46109 | Abyss:3  | Reached skill level 19 in Fighting
 46117 | Abyss:3  | 46117 ||| Stepping ~*~*~tactically~*~*~ (stealth).
 46121 | Abyss:3  | 46121 ||| Stepping ~*~*~tactically~*~*~ (stealth).
 46123 | Abyss:3  | 46123 ||| Stepping ~*~*~tactically~*~*~ (stealth).
 46124 | Abyss:3  | 46124 ||| Stepping ~*~*~tactically~*~*~ (stealth).
 46125 | Abyss:3  | 46125 ||| Stepping ~*~*~tactically~*~*~ (hiding).
 46140 | Abyss:3  | 46140 ||| Stepping ~*~*~tactically~*~*~ (hiding).
 46147 | Abyss:3  | 46147 ||| Stepping ~*~*~tactically~*~*~ (hiding).
 46156 | Abyss:3  | 46156 ||| Stepping ~*~*~tactically~*~*~ (stealth).
 46166 | Abyss:3  | 46166 ||| Stepping ~*~*~tactically~*~*~ (hiding).
 46170 | Abyss:3  | 46170 ||| INVOKING Heroism.
 46219 | Vaults:3 | Escaped the Abyss
 46374 | Vaults:3 | 46374 ||| Stepping ~*~*~tactically~*~*~ (stealth).
 46375 | Vaults:3 | 46375 ||| Stepping ~*~*~tactically~*~*~ (stealth).
 46387 | Vaults:3 | 46387 ||| Stepping ~*~*~tactically~*~*~ (stealth).
 46394 | Vaults:3 | 46394 ||| Stepping ~*~*~tactically~*~*~ (hiding).
 46395 | Vaults:3 | 46395 ||| INVOKING Heroism.
 46413 | Vaults:3 | Identified the +0 battleaxe of a treasure trove {antimagic,
                  | rPois rF+ Will+} (Okawaru gifted it to you on level 3 of
                  | the Vaults)
 46413 | Vaults:3 | Received a gift from Okawaru
 46443 | Vaults:3 | 46443 ||| DRINKING 9 potions of curing.
 46443 | Vaults:3 | 46443 ||| (to cure confusion)
 46461 | Vaults:3 | 46461 ||| Stepping ~*~*~tactically~*~*~ (hiding).
 46710 | Vaults:3 | Found a staircase to the Crypt.
 46743 | Vaults:3 | 46743 ||| Stepping ~*~*~tactically~*~*~ (hiding).
 46828 | Vaults:3 | Received a gift from Okawaru
 46885 | Vaults:3 | 46885 ||| Stepping ~*~*~tactically~*~*~ (hiding).
 47101 | Vaults:3 | Reached XP level 21. HP: 140/144 MP: 7/28
 47357 | Vaults:3 | Received a gift from Okawaru
 47491 | Vaults:3 | 47491 ||| Stepping ~*~*~tactically~*~*~ (hiding).
 47684 | Vaults:3 | 47684 ||| INVOKING Heroism.
 47685 | Vaults:3 | 47685 ||| INVOKING Finesse.
 48180 | Vaults:4 | 48180 ||| PLANNING DESOLATION
 48213 | Vaults:4 | Noticed Mennas
 48214 | Vaults:4 | 48214 ||| Stepping ~*~*~tactically~*~*~ (hiding).
 48218 | Vaults:4 | 48218 ||| INVOKING Heroism.
 48219 | Vaults:4 | 48219 ||| INVOKING Finesse.
 48283 | Vaults:4 | HP: 23/144 [Mennas/+5 sacred scourge of holy wrath (17)]
 48284 | Vaults:4 | 48284 ||| READING 2 scrolls of teleportation.
 48285 | Vaults:4 | 48285 ||| DRINKING potion of heal wounds.
 48495 | Vaults:4 | Identified the +0 pair of gloves of Recklessness {Harm
                  | Drain rPois Regen+} (Okawaru gifted it to you on level 4 of
                  | the Vaults)
 48495 | Vaults:4 | Received a gift from Okawaru
 48497 | Vaults:4 | 48497 ||| INVOKING Heroism.
 48558 | Vaults:4 | Reached skill level 20 in Fighting
 48574 | Vaults:4 | 48574 ||| DRINKING 9 potions of curing.
 48574 | Vaults:4 | 48574 ||| (to cure confusion)
 48575 | Vaults:4 | 48575 ||| INVOKING Heroism.
 48577 | Vaults:4 | 48577 ||| DRINKING 8 potions of curing.
 48577 | Vaults:4 | 48577 ||| (to cure confusion)
 48582 | Vaults:4 | 48582 ||| DRINKING 7 potions of curing.
 48582 | Vaults:4 | 48582 ||| (to cure confusion)
 48591 | Vaults:4 | 48591 ||| DRINKING 6 potions of curing.
 48591 | Vaults:4 | 48591 ||| (to cure confusion)
 48592 | Vaults:4 | 48592 ||| DRINKING 5 potions of curing.
 48592 | Vaults:4 | 48592 ||| (to cure confusion)
 48596 | Vaults:4 | 48596 ||| DRINKING 4 potions of curing.
 48596 | Vaults:4 | 48596 ||| (to cure confusion)
 48600 | Vaults:4 | 48600 ||| DRINKING 3 potions of curing.
 48600 | Vaults:4 | 48600 ||| (to cure confusion)
 48637 | Vaults:4 | 48637 ||| DRINKING 2 potions of curing.
 48637 | Vaults:4 | 48637 ||| (to cure confusion)
 48640 | Vaults:4 | HP: 35/146 [Mennas/+5 sacred scourge of holy wrath (8)]
 48641 | Vaults:4 | 48641 ||| READING scroll of teleportation.
 48642 | Vaults:4 | 48642 ||| DRINKING potion of heal wounds.
 48941 | Vaults:4 | 48941 ||| Stepping ~*~*~tactically~*~*~ (stealth).
 48946 | Vaults:4 | 48946 ||| INVOKING Heroism.
 48995 | Vaults:4 | 48995 ||| RIP DESOLATION
 49023 | Vaults:4 | 49023 ||| PLANNING VAULTS:1-4
 49035 | Vaults:4 | 49035 ||| Stepping ~*~*~tactically~*~*~ (stealth).
 49036 | Vaults:4 | 49036 ||| INVOKING Heroism.
 49194 | Vaults:4 | 49194 ||| INVOKING Heroism.
 49355 | Vaults:4 | 49355 ||| INVOKING Heroism.
 49473 | Vaults:4 | 49473 ||| Stepping ~*~*~tactically~*~*~ (hiding).
 49626 | Vaults:4 | 49626 ||| FLEEEEING.
 49627 | Vaults:4 | 49627 ||| FLEEEEING.
 49628 | Vaults:4 | 49628 ||| FLEEEEING.
 49629 | Vaults:4 | 49629 ||| FLEEEEING.
 49630 | Vaults:4 | 49630 ||| FLEEEEING.
 49631 | Vaults:4 | 49631 ||| FLEEEEING.
 49633 | Vaults:4 | 49633 ||| FLEEEEING.
 49634 | Vaults:4 | 49634 ||| FLEEEEING.
 49636 | Vaults:4 | 49636 ||| FLEEEEING.
 49637 | Vaults:4 | 49637 ||| FLEEEEING.
 49638 | Vaults:4 | 49638 ||| STAIRDANCE
 49685 | Vaults:4 | 49685 ||| STAIRDANCE
 49792 | Vaults:4 | 49792 ||| STAIRDANCE
 49842 | Vaults:4 | 49842 ||| FLEEEEING.
 49849 | Vaults:4 | 49849 ||| FLEEEEING.
 49850 | Vaults:4 | 49850 ||| FLEEEEING.
 49851 | Vaults:4 | 49851 ||| FLEEEEING.
 49852 | Vaults:4 | 49852 ||| FLEEEEING.
 49853 | Vaults:4 | 49853 ||| STAIRDANCE
 49951 | Vaults:4 | 49951 ||| INVOKING Heroism.
 49952 | Vaults:4 | 49952 ||| STAIRDANCE
 49954 | Vaults:3 | 49954 ||| INVOKING Finesse.
 49992 | Vaults:3 | Killed Mennas
 50191 | Vaults:4 | 50191 ||| Stepping ~*~*~tactically~*~*~ (stealth).
 50197 | Vaults:4 | 50197 ||| INVOKING Heroism.
 50304 | Vaults:4 | 50304 ||| Stepping ~*~*~tactically~*~*~ (stealth).
 50332 | Vaults:4 | 50332 ||| Stepping ~*~*~tactically~*~*~ (stealth).
 50393 | Vaults:4 | 50393 ||| Stepping ~*~*~tactically~*~*~ (stealth).
 50846 | Vaults:4 | 50846 ||| INVOKING Heroism.
 50846 | Vaults:4 | Noticed Sojobo
 50847 | Vaults:4 | 50847 ||| INVOKING Finesse.
 50856 | Vaults:4 | Paralysed by an air elemental for 1 turns
 50884 | Vaults:4 | Killed Sojobo
 50885 | Vaults:4 | Reached skill level 18 in Armour
 51182 | Vaults:4 | 51182 ||| INVOKING Heroism.
 51183 | Vaults:4 | 51183 ||| Stepping ~*~*~tactically~*~*~ (stealth).
 51185 | Vaults:4 | 51185 ||| Stepping ~*~*~tactically~*~*~ (hiding).
 51213 | Vaults:4 | Reached skill level 21 in Shields
 51267 | Vaults:4 | 51267 ||| Stepping ~*~*~tactically~*~*~ (hiding).
 51268 | Vaults:4 | 51268 ||| Stepping ~*~*~tactically~*~*~ (hiding).
 51458 | Vaults:4 | 51458 ||| Stepping ~*~*~tactically~*~*~ (hiding).
 51626 | Vaults:4 | 51626 ||| Stepping randomly (stuck).
 51711 | Vaults:4 | 51711 ||| Stepping ~*~*~tactically~*~*~ (stealth).
 51712 | Vaults:4 | 51712 ||| FLEEEEING.
 51715 | Vaults:4 | 51715 ||| FLEEEEING.
 51716 | Vaults:4 | 51716 ||| FLEEEEING.
 51717 | Vaults:4 | 51717 ||| FLEEEEING.
 51718 | Vaults:4 | 51718 ||| FLEEEEING.
 51719 | Vaults:4 | 51719 ||| FLEEEEING.
 51720 | Vaults:4 | 51720 ||| FLEEEEING.
 51723 | Vaults:4 | 51723 ||| FLEEEEING.
 51724 | Vaults:4 | 51724 ||| FLEEEEING.
 51725 | Vaults:4 | 51725 ||| FLEEEEING.
 51726 | Vaults:4 | 51726 ||| FLEEEEING.
 51727 | Vaults:4 | 51727 ||| FLEEEEING.
 51728 | Vaults:4 | 51728 ||| FLEEEEING.
 51729 | Vaults:4 | 51729 ||| FLEEEEING.
 51730 | Vaults:4 | 51730 ||| FLEEEEING.
 51731 | Vaults:4 | 51731 ||| FLEEEEING.
 51732 | Vaults:4 | 51732 ||| FLEEEEING.
 51733 | Vaults:4 | 51733 ||| FLEEEEING.
 51734 | Vaults:4 | 51734 ||| FLEEEEING.
 51735 | Vaults:4 | 51735 ||| FLEEEEING.
 51736 | Vaults:4 | 51736 ||| FLEEEEING.
 51737 | Vaults:4 | 51737 ||| FLEEEEING.
 51738 | Vaults:4 | 51738 ||| FLEEEEING.
 51739 | Vaults:4 | 51739 ||| FLEEEEING.
 51740 | Vaults:4 | 51740 ||| FLEEEEING.
 51741 | Vaults:4 | 51741 ||| FLEEEEING.
 51742 | Vaults:4 | 51742 ||| FLEEEEING.
 51743 | Vaults:4 | 51743 ||| FLEEEEING.
 51744 | Vaults:4 | 51744 ||| FLEEEEING.
 51745 | Vaults:4 | 51745 ||| FLEEEEING.
 51746 | Vaults:4 | 51746 ||| FLEEEEING.
 51747 | Vaults:4 | 51747 ||| FLEEEEING.
 51748 | Vaults:4 | 51748 ||| FLEEEEING.
 51749 | Vaults:4 | 51749 ||| FLEEEEING.
 51750 | Vaults:4 | 51750 ||| FLEEEEING.
 51754 | Vaults:4 | 51754 ||| INVOKING Heroism.
 51758 | Vaults:4 | Received a gift from Okawaru
 51968 | Vaults:4 | 51968 ||| INVOKING Heroism.
 51985 | Vaults:4 | Reached XP level 22. HP: 153/153 MP: 2/29
 52227 | Vaults:4 | 52227 ||| INVOKING Heroism.
 52228 | Vaults:4 | 52228 ||| INVOKING Finesse.
 52236 | Vaults:4 | Reached skill level 21 in Fighting
 52298 | Vaults:4 | 52298 ||| FLEEEEING.
 52299 | Vaults:4 | 52299 ||| FLEEEEING.
 52300 | Vaults:4 | 52300 ||| FLEEEEING.
 52645 | Vaults:4 | 52645 ||| INVOKING Heroism.
 52658 | Vaults:4 | Received a gift from Okawaru
 52802 | Vaults:4 | 52802 ||| PLANNING SNAKE:4
 53070 | Snake:4  | Entered Level 4 of the Snake Pit
 53071 | Snake:4  | 53071 ||| STAIRDANCE
 53131 | Snake:4  | 53131 ||| Stepping ~*~*~tactically~*~*~ (hiding).
 53212 | Snake:4  | 53212 ||| Stepping ~*~*~tactically~*~*~ (hiding).
 53261 | Snake:4  | 53261 ||| INVOKING Heroism.
 53308 | Snake:4  | Received a gift from Okawaru
 53559 | Snake:4  | 53559 ||| Stepping ~*~*~tactically~*~*~ (hiding).
 53560 | Snake:4  | 53560 ||| Stepping ~*~*~tactically~*~*~ (hiding).
 53565 | Snake:4  | 53565 ||| INVOKING Heroism.
 53585 | Snake:4  | 53585 ||| INVOKING Heroism.
 53619 | Snake:4  | Received a gift from Okawaru
 53787 | Snake:4  | 53787 ||| Stepping ~*~*~tactically~*~*~ (hiding).
 53861 | Snake:4  | 53861 ||| Stepping ~*~*~tactically~*~*~ (hiding).
 53882 | Snake:4  | 53882 ||| INVOKING Heroism.
 53937 | Snake:4  | 53937 ||| Stepping ~*~*~tactically~*~*~ (stealth).
 53943 | Snake:4  | 53943 ||| INVOKING Heroism.
 53956 | Snake:4  | Received a gift from Okawaru
 54107 | Snake:4  | Got a serpentine rune of Zot
 54217 | Snake:4  | 54217 ||| Stepping ~*~*~tactically~*~*~ (hiding).
 54390 | Snake:4  | 54390 ||| INVOKING Heroism.
 54575 | Snake:4  | 54575 ||| INVOKING Heroism.
 54758 | Snake:4  | 54758 ||| PLANNING DEPTHS
 54975 | Depths:1 | Entered Level 1 of the Depths
 54988 | Depths:1 | 54988 ||| INVOKING Heroism.
 54989 | Depths:1 | 54989 ||| INVOKING Finesse.
 55164 | Depths:1 | 55164 ||| INVOKING Heroism.
 55165 | Depths:1 | 55165 ||| INVOKING Finesse.
 55208 | Depths:1 | Found Kuleomee's Armour Emporium.
 55222 | Depths:1 | 55222 ||| BUYING +1 plate armour of fire resistance (350
                  | gold).
 55222 | Depths:1 | Bought a +1 plate armour of fire resistance for 350 gold
                  | pieces
 55222 | Depths:1 | 55222 ||| BUYING scarf of resistance (320 gold).
 55222 | Depths:1 | Bought a scarf of resistance for 320 gold pieces
 55265 | Depths:1 | 55265 ||| INVOKING Heroism.
 55473 | Depths:1 | 55473 ||| INVOKING Heroism.
 55646 | Depths:1 | Found a gateway to Hell.
 55698 | Depths:1 | Received a gift from Okawaru
 55717 | Depths:1 | 55717 ||| DROPPING +0 plate armour.
 55718 | Depths:1 | 55718 ||| UPGRADING to +1 plate armour of fire resistance.
 55721 | Depths:1 | 55721 ||| UPGRADING to +1 plate armour of fire resistance.
 55724 | Depths:1 | 55724 ||| INVOKING Heroism.
 55725 | Depths:1 | 55725 ||| INVOKING Finesse.
 55755 | Depths:1 | 55755 ||| UPGRADING to +1 plate armour of fire resistance.
 55765 | Depths:1 | 55765 ||| DROPPING +2 chain mail of fire resistance.
 56010 | Depths:1 | 56010 ||| Stepping ~*~*~tactically~*~*~ (hiding).
 56011 | Depths:1 | 56011 ||| Stepping ~*~*~tactically~*~*~ (hiding).
 56230 | Depths:1 | 56230 ||| Stepping ~*~*~tactically~*~*~ (hiding).
 56233 | Depths:1 | 56233 ||| INVOKING Heroism.
 56234 | Depths:1 | 56234 ||| INVOKING Finesse.
 56359 | Depths:1 | 56359 ||| INVOKING Heroism.
 56380 | Depths:1 | Received a gift from Okawaru
 56588 | Depths:1 | 56588 ||| INVOKING Heroism.
 56794 | Depths:1 | 56794 ||| Stepping ~*~*~tactically~*~*~ (hiding).
 56798 | Depths:1 | 56798 ||| INVOKING Heroism.
 56975 | Depths:1 | Found a one-way gate to the infinite horrors of the Abyss.
 57017 | Depths:1 | 57017 ||| INVOKING Heroism.
 57078 | Depths:1 | 57078 ||| Stepping ~*~*~tactically~*~*~ (stealth).
 57080 | Depths:1 | 57080 ||| Stepping ~*~*~tactically~*~*~ (stealth).
 57085 | Depths:1 | 57085 ||| Stepping ~*~*~tactically~*~*~ (stealth).
 57263 | Depths:1 | Found a hide-covered altar of Uskayaw.
 57269 | Depths:1 | 57269 ||| INVOKING Heroism.
 57514 | Depths:1 | Noticed Bai Suzhen
 57530 | Depths:1 | Killed Bai Suzhen
 57531 | Depths:1 | 57531 ||| Stepping ~*~*~tactically~*~*~ (cloud).
 57637 | Depths:1 | 57637 ||| INVOKING Heroism.
 57808 | Depths:1 | Received a gift from Okawaru
 57865 | Depths:1 | 57865 ||| Stepping ~*~*~tactically~*~*~ (stealth).
 57866 | Depths:1 | 57866 ||| Stepping ~*~*~tactically~*~*~ (stealth).
 57870 | Depths:1 | 57870 ||| Stepping ~*~*~tactically~*~*~ (stealth).
 57871 | Depths:1 | 57871 ||| Stepping ~*~*~tactically~*~*~ (stealth).
 57872 | Depths:1 | 57872 ||| Stepping ~*~*~tactically~*~*~ (stealth).
 57998 | Depths:1 | 57998 ||| Stepping ~*~*~tactically~*~*~ (hiding).
 58108 | Depths:1 | 58108 ||| INVOKING Heroism.
 58122 | Depths:1 | Reached skill level 12 in Throwing
 58203 | Depths:1 | 58203 ||| INVOKING Heroism.
 58418 | Depths:2 | 58418 ||| Stepping ~*~*~tactically~*~*~ (stealth).
 58422 | Depths:2 | 58422 ||| Stepping ~*~*~tactically~*~*~ (stealth).
 58444 | Depths:2 | Reached XP level 23. HP: 161/161 MP: 23/30
 58549 | Depths:2 | 58549 ||| FLEEEEING.
 58550 | Depths:2 | 58550 ||| FLEEEEING.
 58551 | Depths:2 | 58551 ||| FLEEEEING.
 58552 | Depths:2 | 58552 ||| FLEEEEING.
 58553 | Depths:2 | 58553 ||| FLEEEEING.
 58554 | Depths:2 | 58554 ||| FLEEEEING.
 58559 | Depths:2 | 58559 ||| FLEEEEING.
 58560 | Depths:2 | 58560 ||| FLEEEEING.
 58561 | Depths:2 | 58561 ||| FLEEEEING.
 58562 | Depths:2 | 58562 ||| FLEEEEING.
 58563 | Depths:2 | 58563 ||| FLEEEEING.
 58564 | Depths:2 | 58564 ||| FLEEEEING.
 58569 | Depths:2 | 58569 ||| STAIRDANCE
 58668 | Depths:2 | 58668 ||| Stepping ~*~*~tactically~*~*~ (hiding).
 58885 | Depths:2 | Found a one-way gateway to a ziggurat.
 58928 | Depths:2 | Found a one-way gate leading to the halls of Pandemonium.
 58963 | Depths:2 | 58963 ||| INVOKING Heroism.
 58985 | Depths:2 | Received a gift from Okawaru
 59029 | Depths:2 | Paralysed by a sphinx for 2 turns
 59184 | Depths:2 | 59184 ||| Stepping ~*~*~tactically~*~*~ (hiding).
 59186 | Depths:2 | 59186 ||| Stepping ~*~*~tactically~*~*~ (hiding).
 59212 | Depths:2 | 59212 ||| Stepping ~*~*~tactically~*~*~ (hiding).
 59236 | Depths:2 | Found an ancient bone altar of Kikubaaqudgha.
 59344 | Depths:2 | 59344 ||| Stepping ~*~*~tactically~*~*~ (stealth).
 59431 | Depths:2 | 59431 ||| Stepping ~*~*~tactically~*~*~ (stealth).
 59434 | Depths:2 | 59434 ||| Stepping ~*~*~tactically~*~*~ (hiding).
 59453 | Depths:2 | Received a gift from Okawaru
 59503 | Depths:2 | Reached skill level 21 in Armour
 59510 | Depths:2 | Reached skill level 22 in Fighting
 59659 | Depths:2 | 59659 ||| INVOKING Heroism.
 59881 | Depths:2 | 59881 ||| INVOKING Heroism.
 60044 | Depths:2 | 60044 ||| INVOKING Heroism.
 60351 | Depths:2 | 60351 ||| Stepping ~*~*~tactically~*~*~ (hiding).
 60353 | Depths:2 | 60353 ||| INVOKING Heroism.
 60543 | Depths:2 | 60543 ||| Stepping ~*~*~tactically~*~*~ (stealth).
 60617 | Depths:2 | 60617 ||| INVOKING Heroism.
 60618 | Depths:2 | 60618 ||| INVOKING Finesse.
 60791 | Depths:2 | Identified the +9 short sword of the Eternal Warrior
                  | {vorpal, rN+}
 60840 | Depths:2 | 60840 ||| READING scroll of enchant weapon.
 60840 | Depths:2 | 60840 ||| ENCHANTING +2 vampiric war axe.
 60884 | Depths:2 | 60884 ||| INVOKING Heroism.
 61040 | Depths:2 | 61040 ||| INVOKING Heroism.
 61318 | Depths:2 | 61318 ||| INVOKING Heroism.
 61496 | Depths:2 | 61496 ||| INVOKING Heroism.
 61497 | Depths:2 | 61497 ||| INVOKING Finesse.
 61498 | Depths:2 | 61498 ||| INVOKING Finesse.
 61519 | Depths:2 | 61519 ||| Stepping ~*~*~tactically~*~*~ (stealth).
 61521 | Depths:2 | 61521 ||| Stepping ~*~*~tactically~*~*~ (stealth).
 61525 | Depths:2 | 61525 ||| Stepping ~*~*~tactically~*~*~ (stealth).
 61572 | Depths:2 | 61572 ||| INVOKING Heroism.
 61910 | Depths:2 | 61910 ||| DROPPING +4 ring of protection.
 61911 | Depths:2 | 61911 ||| DRINKING 2 cyan potions.
 61912 | Depths:2 | 61912 ||| DROPPING potion of invisibility.
 61967 | Depths:3 | 61967 ||| INVOKING Heroism.
 61968 | Depths:3 | Received a gift from Okawaru
 62066 | Depths:3 | Found a runed translucent door.
 62066 | Depths:3 | Noticed qw's ghost (veteran GrFi)
 62067 | Depths:3 | 62067 ||| Stepping ~*~*~tactically~*~*~ (stealth).
 62073 | Depths:3 | 62073 ||| INVOKING Heroism.
 62076 | Depths:3 | 62076 ||| Stepping ~*~*~tactically~*~*~ (hiding).
 62128 | Depths:3 | Received a gift from Okawaru
 62323 | Depths:3 | Found Kuosih's Book Shop.
 62368 | Depths:3 | 62368 ||| Stepping ~*~*~tactically~*~*~ (stealth).
 62450 | Depths:3 | 62450 ||| Stepping ~*~*~tactically~*~*~ (stealth).
 62452 | Depths:3 | 62452 ||| Stepping ~*~*~tactically~*~*~ (hiding).
 62457 | Depths:3 | 62457 ||| Stepping ~*~*~tactically~*~*~ (hiding).
 62460 | Depths:3 | 62460 ||| INVOKING Heroism.
 62484 | Depths:3 | 62484 ||| Stepping ~*~*~tactically~*~*~ (stealth).
 62485 | Depths:3 | 62485 ||| Stepping ~*~*~tactically~*~*~ (stealth).
 62599 | Depths:3 | 62599 ||| Stepping ~*~*~tactically~*~*~ (stealth).
 62604 | Depths:3 | 62604 ||| Stepping ~*~*~tactically~*~*~ (stealth).
 62719 | Depths:3 | 62719 ||| INVOKING Heroism.
 62825 | Depths:3 | 62825 ||| INVOKING Heroism.
 62835 | Depths:3 | 62835 ||| Stepping ~*~*~tactically~*~*~ (stealth).
 62838 | Depths:3 | 62838 ||| Stepping ~*~*~tactically~*~*~ (stealth).
 62839 | Depths:3 | 62839 ||| Stepping ~*~*~tactically~*~*~ (stealth).
 62843 | Depths:3 | 62843 ||| Stepping ~*~*~tactically~*~*~ (stealth).
 62844 | Depths:3 | 62844 ||| Stepping ~*~*~tactically~*~*~ (stealth).
 62891 | Depths:3 | 62891 ||| INVOKING Heroism.
 62956 | Depths:3 | 62956 ||| INVOKING Heroism.
 63154 | Depths:3 | 63154 ||| Stepping randomly (stuck).
 63156 | Depths:3 | 63156 ||| Stepping randomly (stuck).
 63157 | Depths:3 | 63157 ||| Stepping randomly (stuck).
 63158 | Depths:3 | 63158 ||| Stepping randomly (stuck).
 63160 | Depths:3 | 63160 ||| Stepping randomly (stuck).
 63161 | Depths:3 | 63161 ||| Stepping randomly (stuck).
 63162 | Depths:3 | 63162 ||| Stepping randomly (stuck).
 63163 | Depths:3 | 63163 ||| Stepping randomly (stuck).
 63164 | Depths:3 | 63164 ||| Stepping randomly (stuck).
 63165 | Depths:3 | Noticed a golden dragon
 63166 | Depths:3 | 63166 ||| Stepping randomly (stuck).
 63167 | Depths:3 | 63167 ||| Stepping randomly (stuck).
 63168 | Depths:3 | 63168 ||| Stepping randomly (stuck).
 63170 | Depths:3 | 63170 ||| Stepping ~*~*~tactically~*~*~ (hiding).
 63185 | Depths:3 | 63185 ||| Stepping randomly (stuck).
 63203 | Depths:3 | 63203 ||| Stepping randomly (stuck).
 63205 | Depths:3 | 63205 ||| Stepping randomly (stuck).
 63206 | Depths:3 | 63206 ||| Stepping randomly (stuck).
 63207 | Depths:3 | 63207 ||| Stepping randomly (stuck).
 63208 | Depths:3 | 63208 ||| Stepping randomly (stuck).
 63210 | Depths:3 | 63210 ||| Stepping randomly (stuck).
 63212 | Depths:3 | 63212 ||| Stepping randomly (stuck).
 63213 | Depths:3 | 63213 ||| Stepping randomly (stuck).
 63214 | Depths:3 | 63214 ||| Stepping randomly (stuck).
 63216 | Depths:3 | 63216 ||| Stepping randomly (stuck).
 63217 | Depths:3 | 63217 ||| Stepping randomly (stuck).
 63218 | Depths:3 | 63218 ||| Stepping randomly (stuck).
 63219 | Depths:3 | 63219 ||| Stepping randomly (stuck).
 63220 | Depths:3 | 63220 ||| Stepping randomly (stuck).
 63222 | Depths:3 | 63222 ||| Stepping randomly (stuck).
 63223 | Depths:3 | 63223 ||| Stepping randomly (stuck).
 63224 | Depths:3 | 63224 ||| Stepping randomly (stuck).
 63226 | Depths:3 | 63226 ||| Stepping randomly (stuck).
 63227 | Depths:3 | 63227 ||| Stepping randomly (stuck).
 63228 | Depths:3 | 63228 ||| Stepping randomly (stuck).
 63229 | Depths:3 | 63229 ||| Stepping randomly (stuck).
 63230 | Depths:3 | 63230 ||| Stepping randomly (stuck).
 63231 | Depths:3 | 63231 ||| Stepping randomly (stuck).
 63233 | Depths:3 | 63233 ||| Stepping randomly (stuck).
 63234 | Depths:3 | 63234 ||| Stepping randomly (stuck).
 63235 | Depths:3 | 63235 ||| Stepping randomly (stuck).
 63236 | Depths:3 | 63236 ||| Stepping randomly (stuck).
 63237 | Depths:3 | 63237 ||| Stepping randomly (stuck).
 63238 | Depths:3 | 63238 ||| Stepping randomly (stuck).
 63239 | Depths:3 | 63239 ||| Stepping randomly (stuck).
 63240 | Depths:3 | 63240 ||| INVOKING Heroism.
 63258 | Depths:3 | Killed a golden dragon
 63327 | Depths:3 | Noticed an ancient lich
 63328 | Depths:3 | 63328 ||| Stepping ~*~*~tactically~*~*~ (hiding).
 63332 | Depths:3 | 63332 ||| INVOKING Heroism.
 63334 | Depths:3 | 63334 ||| Stepping ~*~*~tactically~*~*~ (stealth).
 63354 | Depths:3 | 63354 ||| INVOKING Heroism.
 63367 | Depths:3 | Killed an ancient lich
 63600 | Depths:3 | 63600 ||| DROPPING +2 broad axe of venom.
 63771 | Depths:3 | 63771 ||| INVOKING Heroism.
 63878 | Depths:3 | 63878 ||| INVOKING Finesse.
 63880 | Depths:3 | 63880 ||| INVOKING Heroism.
 64060 | Depths:3 | 64060 ||| Stepping ~*~*~tactically~*~*~ (hiding).
 64156 | Depths:3 | 64156 ||| INVOKING Heroism.
 64427 | Depths:3 | Identified the +6 short sword "Yweboum" {vamp, SInv}
 64473 | Depths:3 | 64473 ||| INVOKING Heroism.
 64484 | Depths:3 | Reached XP level 24. HP: 168/168 MP: 24/30
 64849 | Depths:3 | 64849 ||| DROPPING +2 storm dragon scales {Bai Suzhen}.
 64850 | Depths:3 | 64850 ||| DROPPING +0 ice dragon scales.
 64851 | Depths:3 | 64851 ||| UPGRADING to +0 gold dragon scales.
 64861 | Depths:3 | 64861 ||| DROPPING +1 plate armour of fire resistance.
 64914 | Depths:4 | Entered Level 4 of the Depths
 64992 | Depths:4 | 64992 ||| INVOKING Heroism.
 65410 | Depths:4 | 65410 ||| Stepping ~*~*~tactically~*~*~ (hiding).
 65411 | Depths:4 | 65411 ||| Stepping ~*~*~tactically~*~*~ (hiding).
 65641 | Depths:4 | 65641 ||| Stepping ~*~*~tactically~*~*~ (hiding).
 65645 | Depths:4 | 65645 ||| INVOKING Heroism.
 65647 | Depths:4 | Received a gift from Okawaru
 65833 | Depths:4 | 65833 ||| Stepping ~*~*~tactically~*~*~ (hiding).
 65840 | Depths:4 | 65840 ||| INVOKING Heroism.
 65855 | Depths:4 | Reached skill level 23 in Fighting
 66050 | Depths:4 | Found a gate to the Realm of Zot.
 66104 | Depths:4 | 66104 ||| Stepping ~*~*~tactically~*~*~ (hiding).
 66183 | Depths:4 | 66183 ||| Stepping ~*~*~tactically~*~*~ (stealth).
 66184 | Depths:4 | 66184 ||| Stepping ~*~*~tactically~*~*~ (stealth).
 66185 | Depths:4 | 66185 ||| Stepping ~*~*~tactically~*~*~ (stealth).
 66190 | Depths:4 | 66190 ||| Stepping ~*~*~tactically~*~*~ (stealth).
 66191 | Depths:4 | 66191 ||| Stepping ~*~*~tactically~*~*~ (stealth).
 66194 | Depths:4 | 66194 ||| Stepping ~*~*~tactically~*~*~ (stealth).
 66201 | Depths:4 | 66201 ||| Stepping ~*~*~tactically~*~*~ (hiding).
 66445 | Depths:4 | Identified the ring "Ynwusug" {Ice Will+ Int-4 Dex+3
                  | Stlth+}
 66445 | Depths:4 | Noticed Josephina
 66448 | Depths:4 | 66448 ||| INVOKING Heroism.
 66484 | Depths:4 | Killed Josephina
 66577 | Depths:4 | 66577 ||| FLEEEEING.
 66578 | Depths:4 | 66578 ||| FLEEEEING.
 66579 | Depths:4 | 66579 ||| FLEEEEING.
 66581 | Depths:4 | 66581 ||| FLEEEEING.
 66582 | Depths:4 | 66582 ||| FLEEEEING.
 66583 | Depths:4 | 66583 ||| FLEEEEING.
 66584 | Depths:4 | 66584 ||| FLEEEEING.
 66587 | Depths:4 | 66587 ||| STAIRDANCE
 66730 | Depths:4 | 66730 ||| INVOKING Finesse.
 66731 | Depths:4 | 66731 ||| INVOKING Heroism.
 66747 | Depths:4 | Received a gift from Okawaru
 66991 | Depths:4 | 66991 ||| Stepping ~*~*~tactically~*~*~ (stealth).
 66992 | Depths:4 | 66992 ||| Stepping ~*~*~tactically~*~*~ (stealth).
 66993 | Depths:4 | 66993 ||| Stepping ~*~*~tactically~*~*~ (stealth).
 66996 | Depths:4 | 66996 ||| Stepping ~*~*~tactically~*~*~ (stealth).
 66998 | Depths:4 | 66998 ||| Stepping ~*~*~tactically~*~*~ (stealth).
 67000 | Depths:4 | 67000 ||| Stepping ~*~*~tactically~*~*~ (stealth).
 67002 | Depths:4 | 67002 ||| Stepping ~*~*~tactically~*~*~ (stealth).
 67235 | Depths:4 | 67235 ||| PLANNING VAULTS:5
 67477 | Vaults:5 | Entered Level 5 of the Vaults
 67478 | Vaults:5 | 67478 ||| INVOKING Heroism.
 67479 | Vaults:5 | 67479 ||| STAIRDANCE
 67636 | Vaults:5 | 67636 ||| STAIRDANCE
 67638 | Vaults:4 | 67638 ||| INVOKING Heroism.
 67646 | Vaults:4 | Received a gift from Okawaru
 67805 | Vaults:5 | 67805 ||| STAIRDANCE
 67807 | Vaults:4 | 67807 ||| INVOKING Heroism.
 67972 | Vaults:5 | 67972 ||| STAIRDANCE
 67984 | Vaults:4 | Received a gift from Okawaru
 68057 | Vaults:5 | Paralysed by a sphinx for 2 turns
 68059 | Vaults:5 | 68059 ||| STAIRDANCE
 68176 | Vaults:5 | 68176 ||| STAIRDANCE
 68306 | Vaults:5 | 68306 ||| INVOKING Heroism.
 68336 | Vaults:5 | Reached skill level 24 in Fighting
 68358 | Vaults:5 | Noticed a dread lich
 68362 | Vaults:5 | Received a gift from Okawaru
 68383 | Vaults:5 | Killed a dread lich
 68391 | Vaults:5 | HP: 27/174 [titan (54)]
 68391 | Vaults:5 | HP: 4/174 [titan (23)]
 68392 | Vaults:5 | 68392 ||| READING 6 scrolls of teleportation.
 68392 | Vaults:5 | Demolished by a vault warden

Levels and vault maps discovered:
D:1:      dpeg_arrival_fog, layout_basic, shapermc_ecumenical_altar_rom_forum
D:2:      layout_basic
D:3:      layout_rooms
D:4:      layout_loops_ring, minitemple, mainiacjoe_overflow_tiny_flanked
D:5:      layout_basic, makhleb_blood_cavern_becter, kiku_gazebo_garden_becter,
          minmay_temple_entry_mist, serial_curves, eino_curves_03,
          eino_curves_02, eino_curves_02, uniq_edmund, uniq_eustachio
D:6:      layout_cave_pools, tgw_fedhas, gup_sewer_entry_spiral,
          hangedman_abyss_or_decor_lesser_grid, kennysheep_generic_room_14
D:7:      layout_loops_ring, serial_shops, shop
D:8:      layout_rooms, elyvilon_altar_4, old_standard_altar, serial_ice,
          serial_ice_k, serial_ice_a, serial_ice_m, serial_ice_e, serial_ice_c,
          serial_ice_f, serial_ice_n, serial_ice_d, serial_ice_g, serial_ice_o,
          enter_bailey_3, minmay_strange_pillars
D:9:      layout_long_grid, xom_butterflies, mainiacjoe_overflow_boulevard,
          amethyst_overflow_temple_binary, serial_shops, nicolae_shop_stone,
          nicolae_shop_waterfront
D:10:     layout_long_grid, fiery_altar_vehumet, grunt_dithmenos_shadows,
          nicolae_ashenzari_panopticon, grunt_decor_fettered, hex_large,
          grunt_ministairs_11, guppyfry_shop_venom
D:11:     layout_loops_corners, grunt_lair_entry_orc_guard_hut, serial_undead,
          serial_undead_e, serial_undead_e, serial_undead_b, serial_undead_e,
          grunt_tough_drop
D:12:     layout_basic, erik_orc_1, uniq_psyche
D:13:     layout_small_grid, david_vaults_1, uniq_maurice
D:14:     layout_big_octagon, minivault_24, st_stairs_12
D:15:     grunt_enter_depths_giant_problem, layout_stronghold,
          portal_ice_cave_entry_ice_simulacra, chequers_serial_rivers_small_b
Lair:1:   layout_regular_city, gauntlet_entry_generic, beast_lair_carwin_11,
          grunt_megastairs_2
Lair:2:   layout_misc_corridors, swamp_mist,
          minmay_snake_entry_guardpost_medium, beast_lair_carwin_1,
          infiniplex_staircase_pool
Lair:3:   layout_regular_city, nzn_masters_of_martial_movement
Lair:4:   layout_long_grid, nicolae_lair_yak_garden
Lair:5:   grunt_lair_end_beastmaster, layout_loops_ring,
          minmay_slime_entry_jelly_boxes, nicolae_lair_time_for_slime,
          lemuel_fruit_tree
Swamp:1:  layout_basic_swamp, serial_swamp_ruin, evilmike_swamp_ruin_house_6,
          evilmike_swamp_ruin_house_4, swamp_pool5, lightli_tree_ring
Swamp:2:  layout_falls_marsh, ebering_ghost_reflecting_pool,
          evilmike_swamp_ruin_house_3
Swamp:3:  nicolae_swamp_husk_halls, layout_basic_swamp,
          nicolae_swamp_fairy_circle, swamp_pool1, nzn_swamp_weyward_sisters
Swamp:4:  swamp_old_school, layout_basic_swamp, nicolae_swamp_soggy_hallways,
          uniq_kirke
Snake:1:  layout_misc_corridors, st_stairs_2,
          nicolae_snake_herptile_family_reunion
Snake:2:  layout_rooms
Snake:3:  layout_cave_pods, serial_shops, nicolae_shop_hallway_plus,
          nicolae_stop_n_shop_1, minmay_shop_star, nicolae_triple_integral
Snake:4:  snake_pit, layout_cave_town
Orc:1:    dreamdust_dug_too_deep, layout_diamond_mine, serial_shops, shop,
          nicolae_orc_lava_room
Orc:2:    st_orc_rangers, layout_diamond_mine, enter_volcano_4, serial_shops,
          nicolae_shop_stone
Vaults:1: ontoclasm_vaults_hangar, v_misc_14, hangedman_vaults_impose,
          v_misc_25, v_misc_18, vaults_dpeg_hooks,
          ontoclasm_vaults_loading_screen, grunt_vaults_hallway_short,
          v_misc_12, nicolae_vaults_network_periphery, v_alt_pattern_5,
          ontoclasm_vaults_hangar, layout_vaults_omnibox, serial_shops,
          nicolae_shop_hallway_plus, uniq_saint_roka, uniq_aizul
Vaults:2: st_octagons_2, v_misc_3, ontoclasm_vaults_eye,
          ontoclasm_vaults_decontamination, nicolae_vaults_stairing_the_circle,
          v_misc_32, v_misc_1, vaults_standard_mumra_lines,
          vaults_dpeg_diagonal, layout_vaults_omnicross, serial_shops
Vaults:3: v_misc_28, st_cells, nicolae_vaults_diagonal_hallway_8,
          hangedman_vaults_capsules, v_pattern_5, blue_anna_dwarven_crypt,
          v_misc_1, nicolae_vaults_little_squares_4, hangedman_vaults_maws,
          layout_vaults_big_room
Vaults:4: portal_desolation_entry_twin_temple, v_misc_5,
          vaults_mumra_chevron_long, vaults_mumra_hex,
          ontoclasm_vaults_shuriken, v_misc_28, vaults_mumra_minichess,
          nicolae_vaults_big_ls, nicolae_vaults_mini_display_case, st_check,
          vaults_mumra_chevron, layout_vaults_ring, uniq_sojobo, uniq_mennas
Vaults:5: uniq_margery, uniq_jory
Depths:1: layout_gridlike, serial_shops, shop_statue, abyss_entry_crystal,
          chequers_jeans, grunt_mini_vestibule, kennysheep_path_1,
          kennysheep_small_circle, uniq_bai_suzhen
Depths:2: evilmike_negative_zone, layout_gridville, enter_ziggurat_e,
          reono_crystal_passage, hell_entry, grunt_pan_entry_sceptre,
          abyss_entry, grunt_megastairs_4, minmay_staircase_bubble
Depths:3: minmay_the_grid_four_pointed_star_mashed
          [minmay_the_grid_triangle_9x9_impossible_snake,
          minmay_the_grid_triangle_9x9_cache,
          minmay_the_grid_triangle_9x9_minimal,
          minmay_the_grid_triangle_9x9_warning,
          minmay_the_grid_prize_diamond_cup], layout_gridlike,
          abyss_entry_glasseish, nicolae_concentric_dashed_squares_mild,
          serial_shops, shop, hell_entry, gammafunk_ghost_grave, pan_entry,
          infiniplex_staircase_zigzag_3
Depths:4: evilmike_zot_entry_hall, layout_cave_shapes,
          chequers_decorated_corner, hell_entry, water_maze_lemuel,
          uniq_josephina

Skill      XL: |  1  2  3  4  5  6  7  8  9 10 11 12 13 14 15 16 17 18 19 20 21 22 23 24 |
---------------+-------------------------------------------------------------------------+-----
Axes           | 2 3 4 5 6 7 9 11 12 14 15 17 | 17.0
Shields        | 4 6 8 9 11 12 13 14 15 16 17 18 19 20 21 22 | 22.0
Invocations    | 4 7 10 | 10.0
Fighting       | 4 5 6 7 8 10 11 12 14 15 17 19 20 21 22 24 | 24.5
Armour         | 4 5 6 7 9 11 12 13 15 17 18 20 22 | 22.0
Throwing       | 1 2 3 4 5 7 9 10 11 12 13 | 13.1
Dodging        | 1 2 3 4 5 |  5.0

Action                   |  1- 3 |  4- 6 |  7- 9 | 10-12 | 13-15 | 16-18 | 19-21 | 22-24 || total
-------------------------+-------+-------+-------+-------+-------+-------+-------+-------++-------
Melee: War axe           |   103 |   136 |   214 |       |       |  1482 |  2311 |  2287 ||  6533
       Broad axe         |       |       |   139 |   662 |  1238 |   629 |       |       ||  2668
       Flail             |       |       |       |       |    10 |       |       |       ||    10
       Morningstar       |       |       |       |       |    19 |    45 |       |       ||    64
Throw: Boomerang         |     6 |    31 |    58 |    70 |   121 |    23 |     1 |       ||   310
       Javelin           |       |       |       |    17 |   107 |    63 |    68 |   106 ||   361
Invok: Heroism           |       |       |    12 |    30 |    57 |    53 |    43 |    57 ||   252
       Finesse           |       |       |       |     2 |    16 |     3 |     9 |     9 ||    39
  Use: Scroll            |     4 |     4 |     9 |     4 |     7 |    10 |     3 |     2 ||    43
       Potion            |     2 |       |     2 |     2 |     2 |    14 |    11 |     1 ||    34
 Stab: Distracted        |       |       |       |       |     1 |       |       |       ||     1
       Confused          |       |       |       |       |       |     1 |       |       ||     1
Armor: Scale mail        |    36 |       |       |       |       |       |       |       ||    36
       Plate armour      |    13 |   109 |   219 |   482 |   533 |  1722 |   101 |   622 ||  3801
       Chain mail        |       |       |       |       |       |       |   929 |   170 ||  1099
       Gold dragon scale |       |       |       |       |       |       |       |   502 ||   502
Dodge: Dodged            |    40 |    15 |    48 |    97 |   198 |   569 |   477 |   525 ||  1969
Block: Buckler           |    17 |     5 |       |       |       |       |       |       ||    22
       Tower shield      |       |    59 |   294 |   619 |   951 |  2380 |  2380 |  2512 ||  9195
       Reflection        |       |       |       |       |       |   104 |    62 |    84 ||   250

Table legend:
 A = Non-vault XP
 B = Vault XP
 C = Vault XP percentage of total XP
 D = Non-vault monster count
 E = Vault monster count
 F = Vault count percentage of total count
                 A         B        C        D         E       F
            +---------+---------+-------+---------+---------+-------
      Total |  532218 |  388251 |  42.2 |    1173 |     656 |  35.9
            +---------+---------+-------+---------+---------+-------
        D:1 |      41 |       0 |   0.0 |      26 |       0 |   0.0
        D:2 |      24 |       0 |   0.0 |      12 |       0 |   0.0
        D:3 |     117 |       0 |   0.0 |      20 |       0 |   0.0
        D:4 |     398 |       0 |   0.0 |      13 |       0 |   0.0
        D:5 |     641 |     471 |  42.4 |      18 |       4 |  18.2
        D:6 |    1145 |      84 |   6.8 |      14 |       7 |  33.3
        D:7 |     458 |       0 |   0.0 |      11 |       0 |   0.0
        D:8 |    1481 |    1971 |  57.1 |      15 |      23 |  60.5
        D:9 |    2461 |       0 |   0.0 |      33 |       0 |   0.0
       D:10 |    2787 |     860 |  23.6 |      18 |      11 |  37.9
       D:11 |    7162 |    9284 |  56.5 |      22 |      25 |  53.2
       D:12 |    1731 |     942 |  35.2 |       5 |      18 |  78.3
       D:13 |    5898 |    2488 |  29.7 |      32 |       5 |  13.5
       D:14 |    7661 |     678 |   8.1 |      15 |       2 |  11.8
       D:15 |   10047 |    4175 |  29.4 |      21 |       9 |  30.0
     Lair:1 |    4896 |     628 |  11.4 |      15 |       3 |  16.7
     Lair:2 |    7170 |    3825 |  34.8 |      28 |      14 |  33.3
     Lair:3 |   10042 |     823 |   7.6 |      30 |       1 |   3.2
     Lair:4 |    4205 |    2268 |  35.0 |      18 |       5 |  21.7
     Lair:5 |   11807 |   13135 |  52.7 |      43 |      40 |  48.2
    Swamp:1 |   14221 |     415 |   2.8 |      35 |       3 |   7.9
    Swamp:2 |    8844 |       0 |   0.0 |      20 |       0 |   0.0
    Swamp:3 |   12577 |    5588 |  30.8 |      22 |       8 |  26.7
    Swamp:4 |   12452 |   20959 |  62.7 |      26 |      33 |  55.9
    Snake:1 |   12423 |   16796 |  57.5 |      24 |      27 |  52.9
    Snake:2 |   15206 |       0 |   0.0 |      38 |       0 |   0.0
    Snake:3 |   21876 |       0 |   0.0 |      42 |       0 |   0.0
    Snake:4 |   16739 |   19046 |  53.2 |      32 |      28 |  46.7
      Orc:1 |    5359 |       0 |   0.0 |      41 |       0 |   0.0
      Orc:2 |    1469 |    6519 |  81.6 |      17 |      39 |  69.6
   Vaults:1 |   32855 |   29523 |  47.3 |      51 |      48 |  48.5
   Vaults:2 |   28704 |   39916 |  58.2 |      39 |      50 |  56.2
   Vaults:3 |   46379 |   32685 |  41.3 |      64 |      38 |  37.3
   Vaults:4 |   48045 |   68420 |  58.7 |      70 |      76 |  52.1
   Vaults:5 |    9273 |   18868 |  67.0 |      12 |      17 |  58.6
   Depths:1 |   53236 |    9557 |  15.2 |      62 |       8 |  11.4
   Depths:2 |   25592 |   37825 |  59.6 |      29 |      51 |  63.8
   Depths:3 |   44266 |   18233 |  29.2 |      58 |      12 |  17.1
   Depths:4 |   18175 |   20910 |  53.5 |      21 |      17 |  44.7
    Abyss:2 |    9646 |       0 |   0.0 |      22 |       0 |   0.0
    Abyss:3 |   14709 |     858 |   5.5 |      39 |       1 |   2.5
      Sewer |       0 |     501 | 100.0 |       0 |      33 | 100.0
            +---------+---------+-------+---------+---------+-------
